Workbook

Sheet COVER

Sheet INTRODUCTION
F1: Table of Contents | G1: Material Topics | H1: Environmental | I1: Economic | J1: Governance | K1: Social | L1: GRI | M1: SASB
C3: 2025 Indicators Hub
A4: Índice | B4: 3
C5: What is the indicators hub?
C7: The indicators hub is a strategic tool that organizes and communicates data on the company's financial, environmental, social, and governance performance that comply with international standards like the GRI (Global Reporting Initiative) and the SASB (Sustainability Accounting Standards Board). These standards help identify and report the material topics most relevant to the company and its stakeholders, ensuring that the data presented is clear and can be used for comparisons. Adopting the GRI standard allows Braskem to address a wide range of indicators, including water consumption, greenhouse gas emissions, use of renewable energy, health and safety practices at work, waste management, business ethics, and human rights. This standard also supports an integrated view of the company's environmental and social impact. The SASB adds to this report by prioritizing information that is financially material to investors and relevant for managing risks and opportunities in the long term.
C8: As a petrochemical company, Braskem uses SASB sector-specific indicators, including managing air emissions, efficient resource utilization, and safety practices in the production environment, which are critical issues for chemical companies. This integrated approach emphasizes Braskem's commitment to sustainability and transparency, helping the company effectively communicate how it creates value and responds to social and environmental challenges. It strengthens the credibility of information, aligns company goals with the Sustainable Development Goals (SDGs), and supports data-driven decision-making to promote sustainable and responsible growth. For more information, check our 2025 integrated report:
C9: 2025 INTEGRATED REPORT

Sheet TABLE OF CONTENTS
B1: #VALUE! | F1: Table of Contents | G1: Material Topics | H1: Environmental | I1: Economic | J1: Governance | K1: Social | L1: GRI | M1: SASB
C3: 2025 Indicators Hub
A4: Índice | B4: 3
C5: Table of Contents
C7: Material Topics
C8: Material topics are the most relevant issues for a company, as they significantly impact its operations and are of interest to its stakeholders.
C9: Economic
C10: Economic indicators are measures that assess the health and performance of economic aspects within a company. They monitor economic growth, guide policies, and predict future trends.
C12: Environmental
C13: Environmental indicators are metrics that provide information about both the state and trends of the impact on and management of the environment within a company. They help monitor environmental quality, assess the impacts of human activities, and shape environmental management policies. Some examples of what environmental indicators assess include air quality, water, biodiversity, and greenhouse gas emissions.
C15: Governance
C16: Companies use governance indicators to assess the effectiveness of management and decision-making processes, ensuring transparency, accountability, and compliance with laws and regulations. This includes metrics related to the corporate governance structure, which include the composition of the board of directors, independence of executive officers, information disclosure policies, regulatory compliance, business ethics, and risk management.
C18: Social
C19: Social indicators in a company are metrics that assess the organization's impact and contribution to social well-being and development. They cover areas such as social responsibility, diversity, working conditions, and social investment. These indicators are important to measure the company's social performance and its contribution to society.
C21: GRI
... C25: The Sustainability Accounting Standards Board (SASB) is a non-profit organization that creates and establishes sustainable accounting standards to help companies report financial information on environmental, social and governance (ESG) issues. SASB standards are designed to provide specific guidance for individual industries by identifying the most relevant and materially important metrics for each sector. This allows companies to communicate their ESG performance to investors in a consistent and comparable manner, facilitating the analysis of risks and opportunities related to sustainability.

Sheet MATERIAL TOPICS
B1: #VALUE! | F1: =INTRODUCTION!F1 -> Table of Contents | G1: =INTRODUCTION!G1 -> Material Topics | H1: =INTRODUCTION!H1 -> Environmental | I1: =INTRODUCTION!I1 -> Economic | J1: =INTRODUCTION!J1 -> Governance | K1: Social | L1: GRI | M1: SASB
C3: 2025 Indicators Hub
A4: Índice | B4: 3
C5: Material Topics
C7: Sustainability | G7: Material Topic | J7: GRI Indicators | M7: SASB Indicators
C9: Environmental | G9: Biodiversity and land use | I9: 3-3|101-1|101-2|101-3|101-4|101-5|101-6|101-7|101-8 | M9: EM-MD-160a.1|EM-MD-160a.2|EM-MD-160a.3
C11: Environmental | G11: Climate Change | I11: 3-3|201-2|305-1|305-2|305-3|305-4|305-5|305-6|305-7 | M11: RT-CH-110a.1|RT-CH-110a.2|EM-MD-110a.1|EM-MD-110a.2
C13: Environmental | G13: Post-consumer plastics | I13: 3-3|301-2|301-3
C15: Environmental | G15: Air pollution | I15: 3-3|305-1|305-2|305-3|305-4|305-5|305-6|305-7 | M15: RT-CH-120a.1|EM-MD-120a.1
C17: Environmental | G17: Energy efficiency | I17: 3-3|302-1|302-2|302-3|302-4 | M17: RT-CH-130a.1
C19: Environmental | G19: Waste management | I19: 3-3|301-1|301-2|301-3|306-1|306-2|306-3|306-4|306-5 | M19: RT-CH-150a.1
C21: Environmental | G21: Water and effluent management | I21: 3-3|303-1|303-2|303-3|303-4|303-5 | M21: RT-CH-140a.1|RT-CH-140a.2|RT-CH-140a.3
C23: Environmental | G23: Impacts of raw materials | I23: 3-3|301-1|301-2|301-3
C25: Social | G25: Diversity, equality and inclusion | I25: 3-3|405-1|405-2|406-1
C27: Social | G27: Communities and social investments | I27: 3-3|413-1|413-2 | M27: RT-CH-210a.1
C29: Social | G29: Health, safety and well-being | I29: 3-3|403-1|403-2|403-3|403-4|403-5|403-6|403-7|403-8|403-9|403-10 | M29: RT-CH-320a.1|RT-CH-320a.2|RT-CH-540a.1|RT-CH-540a.2
C31: Social | G31: Human rights | I31: 3-3|401-3|406-1|407-1|408-1|409-1|410-1
C33: Social | G33: Employment, development and retention | I33: 3-3|2-30|201-3|202-1|202-2|401-1|401-2|401-3|402-1|404-1|404-2|404-3
C35: Economic | G35: Responsible production and consumption | I35: 3-3|204-1|308-1|308-2|414-1
C37: Economic | G37: Innovation, technology and digitalization | M37: RT-CH-410a.1
C39: Economic | G39: Economic and financial performance | I39: 3-3|201-1|201-2|201-3|201-4|203-1|203-2|207-1|207-2|207-3|207-4 | M39: RT-CH-000.A|EM-MD-520a.1
C41: Economic | G41: Product stewardship | I41: 416-1|416-2|417-1|417-2|417-3 | M41: RT-CH-410b.1|RT-CH-410b.2|RT-CH-410c.1
C43: Economic | G43: Supplier management | I43: 3-3|204-1|308-1|308-2|414-1
C45: Governance | G45: Risk and opportunity management | I45: 2-6|3-3|2-12|2-13|2-14|2-18|2-24|205-1|207-1|207-2|207-4|408-1|409-1 | M45: RT-CH-530a.1
C47: Governance | G47: Stakeholder management | I47: 2-3|2-4|2-5|2-7|2-8|2-17|2-23|2-24|2-25|2-28|2-29|2-30|205-2|207-3
C49: Governance | G49: Governance, ethics and compliance | I49: 2-1|2-2|2-9|2-10|2-11|2-12|2-13|2-14|2-15|2-16|2-17|2-18|2-22|2-26|2-27|3-3| 205-1|205-2|205-3|206-1|207-2|415-1|418-1

Sheet ENVIRONMENTAL
B1: #VALUE! | F1: =INTRODUCTION!F1 -> Table of Contents | G1: =INTRODUCTION!G1 -> Material Topics | H1: =INTRODUCTION!H1 -> Environmental | I1: =INTRODUCTION!I1 -> Economic | J1: =INTRODUCTION!J1 -> Governance | K1: Social | L1: GRI | M1: SASB
C3: 2025 Indicators Hub
A4: Índice | B4: 3
D5: Environmental
C7: Indicator | F7: Indicator title
C9: 101-1 | F9: Policies to halt and reverse biodiversity loss
C11: 101-2 | F11: Management of biodiversity impacts
C13: 101-3 | F13: Access and benefit-sharing
C15: 101-4 | F15: Identification of biodiversity impacts
C17: 101-5 | F17: Locations with biodiversity impacts
C19: 101-6 | F19: Direct drivers of biodiversity loss
C21: 101-7 | F21: Changes to the state of biodiversity
C23: 101-8 | F23: Ecosystem services
C25: 301-1 | F25: Materials used by weight or volume
C27: 301-2 | F27: Recycled input materials used
C29: 301-3 | F29: Reclaimed products and their packaging materials
... C75: 308-2 | F75: Negative environmental impacts in the supply chain and actions taken
C77: EM-MD-110a.1 | E77: Gross global Scope 1 emissions, percentage covered under emissions-limiting regulations
C79: EM-MD-110a.2 | E79: Discussion of long-term and short-term strategy or plan to manage Scope 1 emissions, emissions reduction targets, and an analysis of performance against those targets
C81: EM-MD-120a.1 | E81: Air emissions of the following pollutants: (1) NOx (excluding N2O), (2) SOx, (3) volatile organic compounds (VOCs), and (4) particulate matter (PM10)
C83: EM-MD-160a.1 | E83: Description of environmental management policies and practices
C85: EM-MD-160a.2 | E85: Percentage of land owned, leased, and/or operated in areas with protected conservation status or habitat of endangered species
C87: EM-MD-160a.3 | E87: Disturbed land area, percentage of impacted area restored
C89: RT-CH-110a.1 | E89: Gross global Scope 1 emissions, percentage covered under emissions-limiting regulations
C91: RT-CH-110a.2 | E91: Discussion of long-term and short-term strategy or plan to manage Scope 1 emissions, emissions reduction targets, and an analysis of performance against those targets
C93: RT-CH-120a.1 | E93: Air emissions of the following pollutants: (1) NOx (excluding N2O), (2) SOx, (3) volatile organic compounds (VOCs), and (4) hazardous air pollutants (HAPs)
C95: RT-CH-130a.1 | E95: (1) Total energy consumed, (2) percentage grid electricity, (3) percentage renewable, (4) total self-generated energy
C97: RT-CH-140a.1 | E97: Total water withdrawn, (2) total water consumed, percentage of each in regions with high or extremely high baseline water stress
C99: RT-CH-140a.2 | E99: Number of incidents of non-compliance associated with water quality permits, standards, and regulations
... C103: RT-CH-150a.1 | E103: Amount of hazardous waste generated, percentage recycled

Sheet ECONOMIC
B1: #VALUE! | F1: =INTRODUCTION!F1 -> Table of Contents | G1: =INTRODUCTION!G1 -> Material Topics | H1: =INTRODUCTION!H1 -> Environmental | I1: =INTRODUCTION!I1 -> Economic | J1: =INTRODUCTION!J1 -> Governance | K1: Social | L1: GRI | M1: SASB
C3: 2025 Indicators Hub
A4: Índice | B4: 3
D5: Economic
C7: Indicator | G7: Indicator title
C9: 201-1 | G9: Direct economic value generated and distributed
C11: 201-2 | G11: Financial implications and other risks and opportunities due to climate change
C13: 201-3 | G13: Defined benefit plan obligations and other retirement plans
C15: 201-4 | G15: Financial assistance received from the government
C17: 202-1 | G17: Ratios of standard entry-level wage by gender compared to local minimum wage
C19: 202-2 | G19: Proportion of senior management hired from the local community
C21: 203-1 | G21: Infrastructure investments and services supported
C23: 203-2 | G23: Significant indirect economic impacts
C25: 204-1 | G25: Proportion of spending on local suppliers
C27: 205-1 | G27: Operations assessed for risks related to corruption
C29: 205-2 | G29: Communication and training about anti-corruption policies and procedures
... C53: RT-CH-410c.1 | G53: Percentage of products by revenue that contain genetically modified organisms (GMOs)

Sheet GOVERNANCE
B1: #VALUE! | F1: =INTRODUCTION!F1 -> Table of Contents | G1: =INTRODUCTION!G1 -> Material Topics | H1: =INTRODUCTION!H1 -> Environmental | I1: =INTRODUCTION!I1 -> Economic | J1: =INTRODUCTION!J1 -> Governance | K1: Social | L1: GRI | M1: SASB
C3: 2025 Indicators Hub
A4: Índice | B4: 3
D5: Governance
C7: Indicator | G7: Indicator title
C9: 2-1 | G9: Organizational details
C11: 2-2 | G11: Entities included in the organization's sustainability report
C13: 2-3 | G13: Reporting period, frequency and contact point
C15: 2-4 | G15: Restatements of information
C17: 2-5 | G17: External assurance
C19: 2-6 | G19: Activities, value chain and other business relationships
C21: 2-7 | G21: Employees
C23: 2-8 | G23: Workers who are not employees
C25: 2-9 | G25: Governance structure and composition
C27: 2-10 | G27: Nomination and selection of the highest governance body
C29: 2-11 | G29: Chair of the highest governance body
... C69: RT-CH-530a.1 | G69: Discussion of corporate positions related to government regulations and/or policy proposals that address environmental and social factors affecting the industry

Sheet SOCIAL
B1: #VALUE! | F1: =INTRODUCTION!F1 -> Table of Contents | G1: =INTRODUCTION!G1 -> Material Topics | H1: =INTRODUCTION!H1 -> Environmental | I1: =INTRODUCTION!I1 -> Economic | J1: =INTRODUCTION!J1 -> Governance | K1: Social | L1: GRI | M1: SASB
C3: 2025 Indicators Hub
A4: Índice | B4: 3
D5: Social
C7: Indicator | G7: Indicator title
C9: 401-1 | G9: New employee hires and employee turnover
C11: 401-2 | G11: Benefits provided to full-time employees that are not provided to temporary or part-time employees
C13: 401-3 | G13: Parental leave
C15: 402-1 | G15: Minimum notice periods for operational changes
C17: 403-1 | G17: Occupational health and safety management system
C19: 403-2 | G19: Hazard identification, risk assessment and incident investigation
C21: 403-3 | G21: Occupational health services
C23: 403-4 | G23: Worker participation, consultation, and communication on occupational health and safety
C25: 403-5 | G25: Worker training on occupational health and safety
C27: 403-6 | G27: Promotion of worker health
C29: 403-7 | G29: Prevention and mitigation of occupational health and safety impacts directly linked by business relationships
... C85: RT-CH-540a.2 | G85: Number of transport incidents

Sheet GRI
B1: #VALUE! | F1: =INTRODUCTION!F1 -> Table of Contents | G1: =INTRODUCTION!G1 -> Material Topics | H1: =INTRODUCTION!H1 -> Environmental | I1: =INTRODUCTION!I1 -> Economic | J1: =INTRODUCTION!J1 -> Governance | K1: Social | L1: GRI | M1: SASB
C3: 2025 Indicators Hub
A4: Índice | B4: 3
D5: GRI Index | Global Reporting Inicative
C7: Indicator | F7: Indicator title
C9: 2-1 | F9: Organizational details
C11: 2-2 | F11: Entities included in the organization's sustainability report
C13: 2-3 | F13: Reporting period, frequency and contact point
C15: 2-4 | F15: Restatements of information
C17: 2-5 | F17: External assurance
C19: 2-6 | F19: Activities, value chain and other business relationships
C21: 2-7 | F21: Employees
C23: 2-8 | F23: Workers who are not employees
C25: 2-9 | F25: Governance structure and composition
C27: 2-10 | F27: Nomination and selection of the highest governance body
C29: 2-11 | F29: Chair of the highest governance body
... C244: 418-1 | F244: Substantiated complaints concerning breaches of customer privacy and losses of customer data

Sheet SASB
B1: #VALUE! | F1: =INTRODUCTION!F1 -> Table of Contents | G1: =INTRODUCTION!G1 -> Material Topics | H1: =INTRODUCTION!H1 -> Environmental | I1: =INTRODUCTION!I1 -> Economic | J1: =INTRODUCTION!J1 -> Governance | K1: Social | L1: GRI | M1: SASB
C3: 2025 Indicators Hub
A4: Índice | B4: 3
D5: SASB Index | Sustainability Accounting Standards Board
C7: Indicator | F7: Indicator title
C9: RT-CH-000.A | F9: Production by reported segment
C11: RT-CH-110a.1 | F11: Gross global Scope 1 emissions, percentage covered under emissions-limiting regulations
C13: RT-CH-110a.2 | F13: Discussion of long-term and short-term strategy or plan to manage Scope 1 emissions, emissions reduction targets, and an analysis of performance against those targets
C15: RT-CH-120a.1 | F15: Air emissions of the following pollutants: (1) NOx (excluding N2O), (2) SOx, (3) volatile organic compounds (VOCs), and (4) hazardous air pollutants (HAPs)
C17: RT-CH-130a.1 | F17: (1) Total energy consumed, (2) percentage grid electricity, (3) percentage renewable, (4) total self-generated energy
C19: RT-CH-140a.1 | F19: Total water withdrawn, (2) total water consumed, percentage of each in regions with high or extremely high baseline water stress
C21: RT-CH-140a.2 | F21: Number of incidents of non-compliance associated with water quality permits, standards, and regulations
C23: RT-CH-140a.3 | F23: Description of water management risks and discussion of strategies and practices to mitigate those risks
C25: RT-CH-150a.1 | F25: Amount of hazardous waste generated, percentage recycled
C27: RT-CH-210a.1 | F27: Discussion of engagement processes to manage risks and opportunities associated with community interests
C29: RT-CH-320a.1 | F29: (1) Total recordable incident rate (TRIR) and (2) fatality rate for (a) direct employees and (b) third-party employees
... C59: EM-MD-520a.1 | F59: Total amount of monetary losses as a result of legal proceedings associated with federal pipeline and storage regulations

Sheet 2-1 à 2-6
B1: #VALUE! | F1: =INTRODUCTION!F1 -> Table of Contents | G1: =INTRODUCTION!G1 -> Material Topics | H1: =INTRODUCTION!H1 -> Environmental | I1: =INTRODUCTION!I1 -> Economic | J1: =INTRODUCTION!J1 -> Governance | K1: Social | L1: GRI | M1: SASB
C3: GRI 2-1 to 2-6 | General Disclosures
A4: Índice | B4: 3
C5: 2-1 Organizational details
C7: 2-1a. Legal name
C8: Braskem S.A
C10: 2-1b. Corporate structure and legal form
C11: Braskem is a publicly traded company and has been part of Level 1 Corporate Governance of the São Paulo Stock Exchange (BM&F Bovespa) since 2003. Currently, the company’s main shareholders are the Novonor group – under judicial reorganization – and Petrobras. The company also has part of its shares listed on B3, the New York Stock Exchange (NYSE), and Latibex – the Latin American segment of the Madrid Stock Exchange – which provides greater liquidity for shareholders.
C15: 2-1c. Location of the headquarters
C16: Municipality of Camaçari, State of Bahia.
C18: 2-1d. Countries of operation
C19: Industrial operations in Brazil, the United States, Mexico, and Europe. Commercial offices in Brazil, Colombia, Chile, Peru, Argentina, the United States, Mexico, the Netherlands, and Singapore. A representative office in Japan.
C21: 2-2 Entities included in the organization's sustainability reporting
C23: 2-2a. Entities included in its sustainability reporting 2-2b. If the organization has audited consolidated financial statements or financial information filed on public record, specify the differences between the list of entities included in its financial reporting and the list included in its sustainability reporting 2-2c. If the organization consists of multiple entities, explain the approach used for consolidating the information
C24: Braskem S.A. is a publicly traded company governed by Brazilian law, with shares listed on B3, the NYSE, and Latibex, an administrative headquarters in Camaçari (Brazil), and global operations across four continents. The document was prepared with the participation of executives and board members, in accordance with the Integrated Reporting Framework (IR), and complies with the requirements of the GRI, SASB, the Brazilian GHG Protocol Program, and the WBCSD. The Report is in compliance with CVM Resolution No. 14/2020 and was approved by the governance bodies, including the Board of Directors. It also underwent external limited assurance conducted by KPMG. The publication covers the period from January 1 to December 31, 2025, and includes entities under operational control and/or consolidated in the Financial Statements, except for Wise Plásticos S.A. with respect to social and environmental indicators. Greenhouse gas (GHG) emissions data consider only controlled companies, in line with the Brazilian GHG Protocol Program, which assigns 100% of emissions to units under operational control and excludes emissions from minority shareholdings. The Indicators Center follows the same scope of entities as the Integrated Report.
... C65: In 2021, Braskem Idesa gave the approval for and commenced the project to construct an ethane import terminal in Mexico with a capacity of up to 80,000 barrels of ethane per day, which will enable Braskem Idesa to operate at up to 100% of its production capacity. That same year, a Joint-Venture was formed between Braskem Idesa and Advario through the subsidiary Terminal Químico Puerto México ("TQPM"), with a 50% stake for each shareholder. The purpose of the terminal is to supplement the supply of hydrocarbons in Mexico and provide additional ethane to Braskem Idesa to operate at its full capacity, increasing the availability of gas and the competitiveness of the entire Mexican petrochemical and plastics industry. The project was completed and began operations in 2025. More information can be found in the chapter “Strategic Pillars” under “Productivity and Competitiveness”.

Sheet 2-7
B1: #VALUE! | F1: Table of Contents | G1: Material topics | H1: Environmental | I1: Economic | J1: Governance | K1: Social | L1: GRI | M1: SASB
C3: GRI 2-7 | General Disclosures
A4: Índice | B4: 3
C5: 2-7 Employees
C7: 2-7a. Total number of employees, and a breakdown of this total by gender and by region | H7: 2019 | I7: 2020 | J7: 2021 | K7: 2022 | L7: 2023 | M7: 2024 | N7: 2025
C10: Total | H10: 7940 | I10: 7993 | J10: 8312 | K10: 8668 | L10: 8569 | M10: 8382 | N10: 8233
C11: Men | H11: 6121 | I11: 6097 | J11: 6239 | K11: 6429 | L11: 6307 | M11: 6158 | N11: 6054
C12: Women | H12: 1819 | I12: 1896 | J12: 2073 | K12: 2239 | L12: 2262 | M12: 2224 | N12: 2179
C14: Brazil | H14: 6050 | I14: 6088 | J14: 6278 | K14: 6493 | L14: 6419 | M14: 6291 | N14: 6277
C15: Men | H15: 4681 | I15: 4648 | J15: 4696 | K15: 4813 | L15: 4733 | M15: 4630 | N15: 4602
C16: Women | H16: 1369 | I16: 1440 | J16: 1582 | K16: 1680 | L16: 1686 | M16: 1661 | N16: 1675
C18: Germany | H18: 196 | I18: 151 | J18: 155 | K18: 172 | L18: 178 | M18: 180 | N18: 166
C19: Men | H19: 120 | I19: 107 | J19: 110 | K19: 120 | L19: 126 | M19: 130 | N19: 118
C20: Women | H20: 76 | I20: 44 | J20: 45 | K20: 52 | L20: 52 | M20: 50 | N20: 48
C22: United States | H22: 765 | I22: 764 | J22: 758 | K22: 831 | L22: 817 | M22: 816 | N22: 783
C23: Men | H23: 619 | I23: 615 | J23: 599 | K23: 642 | L23: 627 | M23: 622 | N23: 605
... C92: Women | H92: 0 | I92: 0 | J92: 13 | K92: 0 | L92: 1 | M92: 0 | N92: 0
C94: 2-7b.iii. Employees with zero-hour contracts
C95: Not applicable. Braskem does not have non-guaranteed hourly employment contracts.
C97: 2-7b.iv. Full-time employees, broken down by gender and by region | H97: 2019 | I97: 2020 | J97: 2021 | K97: 2022 | L97: 2023 | M97: 2024 | N97: 2025
C99: Total | H99: 7918 | I99: 7979 | J99: 8300 | K99: 8665 | L99: 8559 | M99: 8369 | N99: 8207
C101: Brazil | H101: 6041 | I101: 6084 | J101: 6277 | K101: 6490 | L101: 6410 | M101: 6279 | N101: 6264
C102: Men | H102: 4676 | I102: 4646 | J102: 4695 | K102: 4811 | L102: 4730 | M102: 4623 | N102: 4595
C103: Women | H103: 1365 | I103: 1438 | J103: 1582 | K103: 1679 | L103: 1680 | M103: 1656 | N103: 1669
C105: Germany | H105: 191 | I105: 143 | J105: 149 | K105: 168 | L105: 178 | M105: 179 | N105: 156
C106: Men | H106: 121 | I106: 102 | J106: 106 | K106: 117 | L106: 126 | M106: 130 | N106: 114
C107: Women | H107: 70 | I107: 41 | J107: 43 | K107: 51 | L107: 52 | M107: 49 | N107: 42
C109: United States | H109: 757 | I109: 762 | J109: 756 | K109: 831 | L109: 817 | M109: 816 | N109: 783
C110: Men | H110: 613 | I110: 615 | J110: 598 | K110: 642 | L110: 627 | M110: 622 | N110: 605
C111: Women | H111: 144 | I111: 147 | J111: 158 | K111: 189 | L111: 190 | M111: 194 | N111: 178
C113: Mexico | H113: 830 | I113: 831 | J113: 939 | K113: 963 | L113: 922 | M113: 871 | N113: 797
... C150: Women | H150: 0 | I150: 0 | J150: 0 | K150: 0 | L150: 0 | M150: 0 | N150: 0
C152: 2-7c. Describe the methodologies and assumptions used to compile the data, including whether the numbers are reported
C153: The calculation of the Braskem Global headcount is based on people from the Connect system, excluding employees on leave due to Disability, Unpaid leave and Long-Term Leave. In Brazil, the calculation includes active employees and apprentices, excluding internship positions. For other countries, only active employees are considered, excluding internship positions. Regarding contract types in Brazil, there are employees on fixed-term contracts (15 employees and 13 apprentices). Employees with a workweek of 30 hours or less (13 apprentices) are classified as part-time. In other countries, the remuneration team was asked to list fixed-term and part-time employees.
C155: 2-7d. Report contextual information necessary for understanding the reported data
C156: There is no contextual information sufficient to understand the subject.
C158: 2-7e. Describe significant fluctuations in the number of employees during the reporting period and between reporting periods
C159: Braskem adhered to the headcount plan for the year.

Sheet 2-8
B1: #VALUE! | F1: Table of Contents | G1: Material topics | H1: Environmental | I1: Economic | J1: Governance | K1: Social | L1: GRI | M1: SASB
C3: GRI 2-8 | General Disclosures
A4: Índice | B4: 3
C5: 2-8 Workers who are not employees
C7: 2-8a. Total number of workers who are not employees and whose work is controlled by the organization | H7: 2019 | I7: 2020 | J7: 2021 | K7: 2022 | L7: 2023 | M7: 2024 | N7: 2025
C10: Internships | H10: 449 | I10: 464 | J10: 467 | K10: 457 | L10: 532 | M10: 469 | N10: 408
C11: Men | H11: 198 | I11: 237 | J11: 194 | K11: 210 | L11: 239 | M11: 188 | N11: 174
C12: Women | H12: 251 | I12: 227 | J12: 273 | K12: 247 | L12: 293 | M12: 281 | N12: 234
C14: Brazil | H14: 449 | I14: 464 | J14: 467 | K14: 457 | L14: 532 | M14: 469 | N14: 408
C15: Men | H15: 198 | I15: 237 | J15: 194 | K15: 210 | L15: 239 | M15: 188 | N15: 174
C16: São Paulo | H16: 83 | I16: 90 | J16: 89 | K16: 83 | L16: 86 | M16: 73 | N16: 73
C17: Rio de Janeiro | H17: 27 | I17: 46 | J17: 13 | K17: 32 | L17: 17 | M17: 30 | N17: 19
C18: Bahia | H18: 44 | I18: 39 | J18: 36 | K18: 53 | L18: 67 | M18: 34 | N18: 29
C19: Alagoas | H19: 8 | I19: 7 | J19: 9 | K19: 14 | L19: 8 | M19: 14 | N19: 12
C20: Rio Grande do Sul | H20: 36 | I20: 55 | J20: 47 | K20: 28 | L20: 61 | M20: 37 | N20: 41
C21: Women | H21: 251 | I21: 227 | J21: 273 | K21: 247 | L21: 293 | M21: 281 | N21: 234
... C44: Rio Grande do Sul | H44: 490 | I44: 496 | J44: 628 | K44: 708 | L44: 638 | M44: 595 | N44: 535
C46: The internship positions have roles that are defined by Brazilian Law No. 11.788, dated September 25, 2008. Outsourced workers provide services, mostly industrial.
C48: 2-8b. Methodologies and assumptions used to compile the data
C49: Outsourced workers (regular only) and interns in Brazil were used. These contract types are not reported in indicator 2-7 and were consolidated based on the cut-off date December 31, 2025.
C51: 2-8c. Describe significant fluctuations in the number of workers who are not employees during the reporting period and between reporting periods
C52: There were no significant fluctuations.

Sheet 2-9 à 2-21
B1: #VALUE! | F1: Table of Contents | G1: Material topics | H1: Environmental | I1: Economic | J1: Governance | K1: Social | L1: GRI | M1: SASB
C3: GRI 2-9 to 2-21 | General Disclosures
A4: Índice | B4: 3
C5: 2-9 Governance structure and composition
C7: 2-9a. Governance structure
C8: The Board of Directors, the highest body in the Company's Corporate Governance structure, is composed of 11 effective members and their respective alternates, elected or removed at any time through a General Meeting. Of the 11 members, 20% (3 members) are independent, pursuant to Annex K of CVM Resolution No. 80/2022 and the Global Compliance System Policy. The members of the Board of Directors serve 2-year terms, with their reelection permitted. The Board of Directors also has a Chairman and a Vice Chairman, and the Business Leader (CEO) cannot simultaneously hold the position of Chairman of the Board. In its Corporate Governance structure, the Company also has permanent Advisory Committees of the Board of Directors, those being: Statutory Compliance and Audit Committee, People and Organization Committee, Finance and Investment Committee, and Strategy, Communication and ESG Committee. The Committees deal with matters that support the deliberations of the Board of Directors, according to the duties outlined in their respective Internal Regulations, without the authority to make final decisions on these matters. See more at: https://www.braskem.com.br/governanca-corporativa Finally, the Company has a Statutory Executive Board, currently composed of 5 Executive Officers, including the Business Leader/Chief Executive Officer (CEO) and the Chief Financial and Investor Relations Officer, with a term of office of 3 years, with renewal permitted.
C10: 2-9b. List of committees of the highest governance body, responsible for decision-making and overseeing the management of the organization's impacts on the economy, the environment and people
C11: The Advisory Committees of the Board of Directors are: Statutory Compliance and Audit Committee (CCAE): it is a statutory body, of a permanent nature, governed by the terms of the Resolution of the Brazilian Securities and Exchange Commission (CVM) No. 23/2021, as well as adhering to the rules of the Sarbanes-Oxley Act (SOx), formed by 5 members (three independent directors of the Board of Directors and two external members). Among other topics, the CCAE monitors the Company's compliance system, internal controls and risk management of Braskem, as well as issues related to the internal auditor, related parties, granting of indemnities, and free competition, in addition to supervising the quality and integrity of the financial statements and financial reports. Strategy, Communication and ESG Committee (CECESG): made up of 3 members of the Board of Directors, it is responsible for supporting the Board of Directors in assessing the strategic direction of Braskem, that should align with the sustainable development guidelines of Braskem, as well as for monitoring and assessing the initiatives and goals assumed by the Company with regard to corporate sustainability and ESG criteria. Its attributions include, among others, monitoring ESG aspects present in the strategy and corporate policies regarding the disclosure of information, sustainable development and health, safety, environment, quality and productivity, as well as analyzing and monitoring the Company's communication strategy and shaping its corporate image. Finance and Investment Committee (CFI): comprised of 4 members of the Board of Directors, it analyzes the policies related to financial management, guarantees, investments, dividends and securities trading. In addition to the other responsibilities, it monitors the Company's quarterly results, through the financial statements, focusing on the management analysis of results, participates in investment decisions and monitors the company's financial strategy and the performance of its stocks in the capital market. People and Organization Committee (CPO): comprised of 3 members of the Board of Directors. Among other responsibilities, monitors and reviews strategic policies and projects related to people, in addition to parameters and criteria in relation to the remuneration of administrators. The committees responsible for supporting the Board of Directors in decision-making and overseeing the management of the organization's impacts on the economy, the environment and people are CECESG, CFI and CPO. The compositions of the Board of Directors and its Committees are described in its internal rules, available on the investor relations website. See more at: https://www.braskem-ri.com.br/en/the-company/councils-and-board/
C14: 2-9c. Composition of the highest governance body
C15: Up to the date of publication of the indexes, the composition of the Board of Directors was:
C17: Name | G17: (i) Executive/Non-Executive | H17: (ii) Independent | I17: (iii) Election | J17: (viii) Nomination1
C18: Héctor Nuñez | G18: Non-Executive | H18: No | I18: 04/29/2024 | J18: Novonor
C19: Olavo Bentes David | G19: Non-Executive | H19: No | I19: 11/28/2024 | J19: Petrobras
C20: Carlos Plachta | G20: Non-Executive | H20: Yes | I20: 04/29/2024 | J20: Petrobras
C21: Gesner José de Oliveira Filho | G21: Non-Executive | H21: Yes | I21: 04/29/2024 | J21: Novonor
C22: João Pinheiro Nogueira Batista | G22: Non-Executive | H22: No | I22: 04/29/2024 | J22: Novonor
C23: José Mauro Mettrau Carneiro da Cunha | G23: Non-Executive | H23: Yes | I23: 04/29/2024 | J23: Novonor
C24: Juliana Sá Vieira Baiardi | G24: Non-Executive | H24: No | I24: 04/29/2024 | J24: Novonor
C25: Lucas Cive Barbosa | G25: Non-Executive | H25: No | I25: 11/13/2025 | J25: Novonor
C26: Luiz Eduardo Valente | G26: Non-Executive | H26: No | I26: 45718 | J26: Petrobras
C27: Maurício Dantas Bezerra | G27: Non-Executive | H27: No | I27: 11/28/2024 | J27: Novonor
C28: Paulo Roberto Britto Guimarães | G28: Non-Executive | H28: No | I28: 04/29/2024 | J28: Petrobras
C30: 1 Nomination of shareholders.
C31: (iv) According to Curriculum Vitae available at: https://www.braskem-ri.com.br/en/the-company/councils-and-board/
C32: (v) 1 member identifies as a woman and the others as men
C33: (vi) 11 members identify themselves as white. In addition, the Board of Directors has 10 members who are 50 years old or older.
C34: (vii and viii) According to Curriculum Vitae available at: https://www.braskem-ri.com.br/en/the-company/councils-and-board/, the current composition is 7 members appointed by Novonor, including the Chairman of the Board of Directors, and 4 by Petrobras. The skills, previous professional experience and academic background of each of the members are detailed in their CVs, which can also be found in the Reference Form for 2025.
C36: And the statutory executive board:
C38: Name | G38: Position | I38: Election
C39: Roberto Prisco Paraiso Ramos | G39: CEO | I39: 45303
C40: Felipe Montoro Jens | G40: Chief Financial Officer and Investor Relation Officer | I40: 12/13/2024
C41: Stefan Lanna Lepecki | G41: Officer with no specific designation | I41: 12/13/2024
C42: Nir Lander | G42: Officer with no specific designation | I42: 45664
C43: Geraldo Magela de Moraes Vilaça Netto | G43: Officer with no specific designation | I43: 12/13/2024
C46: 2-10 Nomination and selection of the highest governance body
C48: 2-10a. Nomination and selection processes for the highest governance body and its committees
C49: The General Meeting, in accordance with Article 17, xiv of the Bylaws, is responsible for the election and replacement of the members of the Board of Directors and the Fiscal Council. Article 19 provides that the General Meeting shall define, among the members of the Board of Directors, the Chairman and the Vice Chairman, and may replace them at any time, subject to the provisions of Shareholders' Agreements filed at the Company's headquarters. Article 32 provides that the Executive Board is composed of at least 4 and at most 10 members, with one Chief Executive Officer, elected by the Board of Directors, and removable by it at any time, subject to the provisions of Shareholders' Agreements filed at the Company's headquarters. Finally, the Chairman of the Board of Directors, pursuant to Article 3, ix of the Board of Directors' Bylaws, is responsible for allocating the Directors to compose each of the Committees, as well as appointing the respective coordinators, observing the experience and specific skills of each Director in view of the responsibilities of each Committee, subject to the Shareholders' Agreement. The criteria of diversity and independence, as well as the analysis of curricula for the verification of competencies for the impacts of the organization are considered in the evaluation. The members of the Board of Directors serve a unified term of 2 years, with reelection permitted. The term of office of the Chairman and Vice Chairman is also 2 years, with reelection permitted. According to Article 2, vii of the Internal Regulations of the Board of Directors, it is the responsibility of this body to provide a statement, at the time of convening a Meeting to elect the Company's Directors, regarding whether candidates meet the independence criteria set forth in the Company's policy and Resolution 23/21, when applicable, as well as to assess in the years following the election, whether the Directors declared independent remain adherent to the Company's independence criteria, indicating and justifying any circumstances that may compromise their independence. To this end, the Company's Board of Directors has the support of the CCAE, which is responsible, according to Article 2, xxxiv, of its Internal Rules, for supporting the Board of Directors in assessing the reasons for meeting the independence criteria of candidates for members of the Board of Directors established in the Company's own policy and in accordance with CVM Resolution No. 23, when applicable, at the time of convening a Meeting that will elect them, and, in the years following their election, whether the Directors declared independent remain within the applicable independence criteria, as well as indicate and justify any circumstances that may compromise their independence. The People and Organization Committee evaluates, prior to the appreciation by the Board of Directors, the proposal of LN-Braskem on the composition of the Statutory Executive Board, as well as its possible replacements, according to the provisions of the Internal Regulations of the People and Organization Committee. This Committee also monitors the Succession Plan of the Statutory Executive Board and the Compliance Officer, subject to the Shareholders' Agreement, pursuant to Article 2, xvi, of the Internal Regulations of the People and Organization Committee.
C52: 2-10b. The criteria used for nominating and selecting highest governance body members
C53: As described in the Shareholders' Agreement, in order to nominate members to a certain position, the appointment of the shareholders is considered: "3.1 The Parties undertake to always exercise their respective voting rights at the General Meetings, and to ensure that the members of the Board of Directors, appointed by them, always act in the best interest of the Companies. In addition, the Parties shall exercise their voting rights in corporate resolutions, in order to make the management bodies of the Companies act with independence and loyalty and act with transparency and precision in the disclosures made to the market, in order to promote the appreciation of the Companies' assets and to grant greater security and transparency to other shareholders of Braskem. 3.1.1 The Parties also commit to exercising their voting rights in the election of the members of the Boards of Directors and to ensure that the members elected by them to the Boards of Directors exercise their voting rights in the election of the members of the Executive Board, taking into account the best interests of Braskem, the personal and professional attributes, as well as the technical and administrative capacities of the candidates, as provided for in this Shareholders' Agreement. 3.2.6 The directors appointed by each of the Parties shall be entitled to participate in all committees created by Braskem's Board of Directors, and the accumulation of position in more than one committee is prohibited. The chairman of the Board of Directors of Braskem will be responsible for placing the directors in each of the committees, which will take into account, for this purpose, the experience and specific skills of each Board Member in relation to the responsibilities of each committee."
C55: 2-11 Chair of the highest governance body
C56: 2-11a. Report whether the chair of the highest governance body is also a senior executive in the organization;
C57: The Chairman of the Board of Directors, Mr. Héctor Nuñez, does not hold an executive position at Braskem. As provided in Article 19 of the Bylaws, the General Meeting is responsible for defining the Chairman, among the members of the Board of Directors, and may be replaced at any time, subject to the provisions of Shareholders' Agreements filed at the Company's headquarters. Also, in its Sole Paragraph, it is established that the position of Chief Executive Officer and Chairman of the Board of Directors cannot be held by the same person simultaneously, except in certain situations and under conditions outlined by the B3 Level 1 Listing Regulation. In accordance with Article 20 of the Bylaws, the members of the Board of Directors, including the Chairman, serve for the same period of time, which is two (2) years, with reelection permitted. Mr. Héctor Núñez's current term of office began on 02/03/2025, replacing Mr. José Mauro Mettrau Carneiro da Cunha, to complement the current term of office, which will end at the Annual General Meeting that will resolve on the Company's financial statements for the fiscal year ending on December 31, 2025.
C58: 2-11b. If the chair is also a senior executive, explain their role in managing the organization, the reasons for this arrangement, and how conflicts of interest are prevented and mitigated.
C59: Not applicable.
C61: 2-12 Role of the highest governance body in overseeing the management of impacts
C62: 2-12a. Role of the highest governance body in overseeing sustainability matters
... C146: Subitem 2-21c is not disclosed because it deals with confidential and sensitive information that could potentially compromise the privacy of employees of Braskem.

Sheet 2-22 à 2-30
B1: #VALUE! | F1: Table of Contents | G1: Material topics | H1: Environmental | I1: Economic | J1: Governance | K1: Social | L1: GRI | M1: SASB
C3: GRI 2-22 to 2-30 | General Disclosures
A4: Índice | B4: 3
C5: 2-22 Sustainable Development Strategy
C7: 2-22a. Statement by the chief executive or the highest governance body on the company's sustainability strategy
C8: Statement by the most senior executive and the highest governance body on the Company’s sustainability strategy, as presented in the Chairman of the Board of Directors' and Chief Executive Officer's letter contained in the 2025 Integrated Report (pages 4 to 7).
C10: 2-23 Policy commitments
C12: 2-23a. Policy commitments for the responsible conduct of business
C13: Braskem is part of the United Nations Global Compact and, as such, is a signatory to the 10 principles established by the institution, which derive from the Universal Declaration of Human Rights, the Declaration of the International Labor Organization on Fundamental Principles and Rights at Work, the Rio Declaration on Environment and Development and the United Nations Convention against Corruption. The organizations that become part of the Global Compact are committed to following these principles in their daily operations, and Braskem reinforces this commitment through the Global Sustainable Development Policy, Codes of Conduct for members and third parties, as well as the value proposition to the member. These principles provide us with guidelines for responsible business conduct, which starts with human rights due diligence and the periodic identification of potential risks involving human rights violations, as established by the Global Sustainable Development Policy. Our actions are also guided by the principle of precaution, based on the pillars established by the Responsible Action Program of the chemical industry, promoted by the International Council of Chemistry Associations (ICCA).
C15: 2-23b. Specific policy commitment to respecting human rights
C16: The Board of Directors of Braskem approved its strategy for 2030, which includes the objective of managing 100% of high and medium risks in human rights throughout the value chain. This commitment addresses all the rights contained in the Universal Declaration of Human Rights, the Declaration of the International Labor Organization on Fundamental Principles and Rights at Work, the Rio Declaration on Environment and Development and the United Nations Convention against Corruption rights established by the Universal Declaration of Human Rights. Braskem focuses on areas of its operations that have been identified as most vulnerable according to their due diligence process: surrounding communities, suppliers — especially of ethanol and plastic waste — and members of the company.
C18: 2-23c. Links to the policy commitments, if publicly available
C19: For more information, visit: - The ten principles of the UN Global Compact: https://www.pactoglobal.org.br/10-principios - Braskem's Global Sustainable Development Policy: https://api.mziq.com/mzfilemanager/v2/d/540b55c5-af99-45f7-a772-92665eb948e9/b31a9aa8-a256-f80d-8afb-ecb6434589da?origin=2 - The Global Anti-Corruption Policy: https://api.mziq.com/mzfilemanager/v2/d/540b55c5-af99-45f7-a772-92665eb948e9/81e99950-430b-a05a-aac3-f1655a74c10e?origin=2 - The Code of Conduct for Members: https://api.mziq.com/mzfilemanager/v2/d/540b55c5-af99-45f7-a772-92665eb948e9/da36c8fb-a46e-c0b9-eb63-aa28d8ba1006?origin=2 - The Code of Conduct for Third Parties: https://www.braskem.com/portal/Principal/arquivos/codigo-de-conduta/third-party-code-of-conduct-eng.pdf - Responsible Action Program: https://icca-chem.org/focus/responsible-care/
C21: 2-23d. Level at which each of the policy commitments has been approved within the organization
C22: Adherence to the established commitments was made through the company's chief executive, the CEO. The Policies established to implement the commitments are approved by the Board of Directors, which also approved Braskem's 2030 and 2050 strategy, one of whose objectives is to manage 100% of the risks in human rights, high and medium, considering the entire value chain.
... C89: 2-30 Collective bargaining agreements
H90: 2019 | I90: 2020 | J90: 2021 | K90: 2022 | L90: 2023 | M90: 2024 | N90: 2025
C91: 2-30a. Employees covered by collective bargaining agreements
C93: % Employees covered by collective bargaining agreements | H93: 0.80629924 | I93: 0.80451345 | J93: 0.80386056 | K93: 0.79949239 | L93: 0.79624227 | M93: 0.79479838 | N93: 0.80748208
C94: Brazil | H94: 0.991 | I94: 0.991 | J94: 0.988 | K94: 0.99029724 | L94: 0.99034117 | M94: 0.98998569 | N94: 0.99219372
C95: United States | H95: 0.078896732 | I95: 0.078379581 | J95: 0.084415567 | K95: 0.074608905 | L95: 0.070991432 | M95: 0.069852941 | N95: 0.075351213
C96: Germany | H96: 0 | I96: 0 | J96: 0 | K96: 0 | L96: 0 | M96: 0 | N96: 0
C97: Mexico | H97: 0.417 | I97: 0.406 | J97: 0.442 | K97: 0.45672576 | L97: 0.44251627 | M97: 0.43283582 | N97: 0.45294856
C98: The Netherlands* | H98: 0 | I98: 0 | J98: 0 | K98: 0 | L98: 0 | M98: 0 | N98: 0
C99: Other countries | H99: 0 | I99: 0 | J99: 0 | K99: 0 | L99: 0 | M99: 0 | N99: 0
C101: Number of employees covered by collective bargaining agreements | H101: 6402.016 | I101: 6430.476 | J101: 6681.689 | K101: 6930 | L101: 6823 | M101: 6662 | N101: =SUM(N102:N107) -> 6648
C102: Brazil | H102: 5995.55 | I102: 6033.208 | J102: 6202.664 | K102: 6430 | L102: 6357 | M102: 6228 | N102: 6228
C103: United States | H103: 60.356 | I103: 59.882 | J103: 63.987 | K103: 62 | L103: 58 | M103: 57 | N103: 59
C104: Germany | H104: 0 | I104: 0 | J104: 0 | K104: 0 | L104: 0 | M104: 0 | N104: 0
C105: Mexico | H105: 346.11 | I105: 337.386 | J105: 415.038 | K105: 438 | L105: 408 | M105: 377 | N105: 361
C106: The Netherlands* | H106: 0 | I106: 0 | J106: 0 | K106: 0 | L106: 0 | M106: 0 | N106: 0
C107: Other countries | H107: 0 | I107: 0 | J107: 0 | K107: 0 | L107: 0 | M107: 0 | N107: 0
C109: Number of employees | H109: 7940 | I109: 7993 | J109: 8312 | K109: 8668 | L109: 8569 | M109: 8382 | N109: 8233
C110: Brazil | H110: 6050 | I110: 6088 | J110: 6278 | K110: 6493 | L110: 6419 | M110: 6291 | N110: 6277
C111: United States | H111: 765 | I111: 764 | J111: 758 | K111: 831 | L111: 817 | M111: 816 | N111: 783
C112: Germany | H112: 196 | I112: 151 | J112: 155 | K112: 172 | L112: 178 | M112: 180 | N112: 166
C113: Mexico | H113: 830 | I113: 831 | J113: 939 | K113: 959 | L113: 922 | M113: 871 | N113: 797
C114: The Netherlands* | H114: 65 | I114: 123 | J114: 146 | K114: 177 | L114: 191 | M114: 185 | N114: 172
C115: Other countries | H115: 34 | I115: 36 | J115: 36 | K115: 36 | L115: 42 | M115: 39 | N115: 38
C117: *Information on offices in the Netherlands was presented within the "Other countries" line item until 2021.
C119: 2-30b. For employees not covered by collective bargaining agreements, report whether the organization defines its working conditions and terms of employment based on collective bargaining agreements that cover its other employees or based on collective bargaining agreements of other organizations
C120: All Brazil employees have their employment contracts linked to collective labor agreements/conventions with exceptions of employees in the positions of: Business Leader, Vice Chairman and Executive Officers. Unions are the legal representatives of our employees in situations involving collective bargaining, according to current legislation. In light of this, we maintain a relationship of dialogue and understanding with them in order to help resolve potential labor and union conflicts. In Brazil, all collective bargaining is conducted directly by Braskem's Labor Relations area or through the Employers' Unions, regularly supported by and including the company's internal team. In the case of expatriates working in Brazil, employment contracts are also linked to collective labor agreements/conventions. For employees from abroad: in the United States, only some hourly members of Neal's factory in the United States are covered by collective bargaining agreements. In Germany, none of the sites have had an agreement since 2014, as the country does not offer this option for the category of chemicals and petrochemicals. In Mexico, only employees who are part of the union are covered by a collective bargaining agreement.

Sheet 3-1 |3-2 | 3-3
B1: #VALUE! | F1: Table of Contents | G1: Material topics | H1: Environmental | I1: Economic | J1: Governance | K1: Social | L1: GRI | M1: SASB
C3: GRI 3-1 to 3-3 | General Disclosures
A4: Índice | B4: 3
C5: 3-1 Process for determining material topics
C7: 3-1a. Process followed to determine the material topics
C8: In 2022, we updated our materiality matrix to identify topics that are more relevant to our business and consider environmental, social, economic and governance dimensions. This update involved consulting more than 1,200 internal and external stakeholders, including employees, leaders, customers, suppliers and the financial market, as well as direct interviews with 78 leaders, benchmarking of peer companies and the analysis of the main corporate risks and opportunities for the sector. The steps involved in evaluating the materiality were: - Identification of ESG topics - Stakeholder consultation - Risk analysis - Opportunity analysis - Alignment with voluntary commitments - Definition of weights for each attribute - Definition of the matrix and prioritization The study brought as a result more than 500 topics that, after analysis and crossing of data and perceptions raised in the qualitative and quantitative consultations, defined the 21 material topics for Braskem. These topics were aggregated into two different groups, which provide guidance on the type of strategic action to be taken: the value protection group (16) and the value creation group (5). - Value protection: topics whose management of impacts can protect Braskem's tangible and intangible value over time, which preserve and improve the corporate image and mitigate business risks. - Value creation: topics whose management of impacts can create tangible and intangible value for Braskem over time, which generate a competitive advantage from business opportunities and strategic partnerships. All material topics are now addressed directly or indirectly in the company's sustainability pillar — a result that validates Braskem's ambitions and objectives in its long-term agenda.
C23: 3-1b. Stakeholders and experts whose views have informed the process to determine material topics
C24: Stakeholders: Academy, non-profit entities, board of directors, customers, communities, financial market, government, trade associations, investors, suppliers, startup ecosystem, team members and unions; - External references: Global Reporting Initiative (GRI), United Nations Sustainable Development Goals, World Business Council for Sustainable Development, RobecoSAM, Sustainability Accounting Standards Board, S&P Global, World Economic Forum, Ellen MacArthur Foundation.
C26: 3-2 List of material topics
C28: 3-2a. List its material topics
C29: The materiality matrix is considered an essential tool to help guide our organizational path. This matrix suggests the most relevant topics for Braskem's performance in relation to sustainable development and is the foundation of building our long-term goals. It is reviewed every five years—the last one occurring in 2022—and carried out by a consulting company specialized in conducting this type of process. During the review, we selected and reassessed topics in the economic, environmental, social and governance (ESG) categories, using external references(1) to understand the negative and positive impacts of our business model. For this purpose, we consult our internal and external stakeholders, assess corporate risks and opportunities associated with the topics, analyze global and sectoral commitments, and benchmark with companies in the sector. Based on the outcomes, the topics were prioritized, validated by the company's management, including the Board of Directors, resulting in 21 material topics for Braskem and its stakeholders. Topics for value creation (5): Climate Change; Post-consumer Plastics; Governance, Ethics and Compliance; Innovation, technology and digitalization; and Economic and Financial Results. Topics for value protection (16): Biodiversity and Land Use; Air Pollution; Energy Efficiency; Waste Management; Water and Effluent Management; Raw Material Impacts; Diversity, Equity and Inclusion; Communities and Social Investments; Health, Safety and Welfare; Human Rights; Employment, Development and Retention; Responsible Production and Consumption; Product Management; Supply Chain Management; Risk and Opportunity Management; Stakeholder Relationship Management. The previous materiality matrix, created in 2019, included 17 prioritized topics. After the update, we now have 21 topics in total, comprising 16 that were maintained and 5 that were newly added. Added topics include: Innovation, Technology and Digitalization; Biodiversity and Land Use; Diversity, Equity and Inclusion; Employment, Development and Retention; Risk and Opportunity Management; Stakeholder Relationship Management. Management of each topic is reported separately. (1) External references: Stakeholders: Academy, non-profit, board of directors, customers, communities, financial market, government, trade associations, investors, suppliers, startup ecosystem, team members and unions; in addition to sources such as Global Reporting Initiative (GRI), United Nations Sustainable Development Goals, World Business Council for Sustainable Development, RobecoSAM, Sustainability Accounting Standards Board, S&P Global, World Economic Forum, Ellen MacArthur Foundation.
C32: 3-2b. Changes in the list of material topics compared to the previous reporting period
C33: There were no changes in the materiality matrix compared to the previous year.
C35: 3-3 Management of material topics
C37: Biodiversity and land use
... C98: Refers to the increase in greenhouse gas emissions and their consequences for the climate, which put the planet, people and the entire business environment at risk. As a consequence, companies need to adopt strategies to mitigate these effects. This includes reducing greenhouse gas emissions, decarbonization, adopting internal carbon prices, consuming renewable energy, and others. Information can be found in the 2025 Integrated Report on pages 40-48.

Sheet 101
B1: #VALUE! | D1: Table of Contents | E1: Material topics | F1: Environmental | G1: Economic | H1: Governance | I1: Social | J1: GRI | K1: SASB
C3: GRI 101 | Biodiversity
A4: Índice | B4: 3
C5: 101-1 Policies to halt and reverse biodiversity loss
C7: 101-1a. Describe its policies or commitments to halt and reverse biodiversity loss, and how these are informed by the 2050 Goals and 2030 Targets in the Kunming-Montreal Global Biodiversity Framework
C8: In 2025, Braskem introduced its Public Positioning on Biodiversity; a company document dedicated exclusively to the subject. Braskem's Biodiversity Positioning reinforces the adoption of business practices that are not only aligned with the United Nations Sustainable Development Goals, but also incorporate the scientific framework established by the Kunming-Montreal Global Biodiversity Framework. In addition, at the end of 2025, Braskem joined the Brazilian Business Commitment for Biodiversity of CEBDS (Brazilian Business Council for Sustainable Development). Lastly, we emphasize the Responsible Ethanol Purchasing Program (PCRE), which is also public and falls within the scope of our I’m green™ bio-based product line.
C10: 101-1b. Report the extent to which these policies or commitments apply to the organization’s activities and to its business relationships
C11: The Biodiversity Position applies to Braskem S.A. — and therefore to all entities where the company has operational control. The document related to the CEBDS pertains to issues that have a national level of importance in Brazil. Given the nature of its application, the PCRE refers to the ethanol supply chain in our products under the I'm green™ bio-based portfolio.
C13: 101-1c. Report the goals and targets to halt and reverse biodiversity loss, whether they are informed by scientific consensus, the base year, and the indicators used to evaluate progress
C15: As stated in the Positioning and PCRE, the Program’s main goals are protecting and restoring forests and ecosystems, conserving biodiversity and ecosystem services, and reducing climate change impacts. There are a number of sustainability indicators, appropriately documented in our Integrated Report, that address topics recognized by IBPES as direct vectors of biodiversity loss, such as climate change (discussed within our agenda under the section titled "Combating climate change"). Under the Brazilian Business Commitment to Biodiversity of the CEBDS, Braskem is committed to: integrating biodiversity considerations into its business strategy; promoting and strengthening best practices that support the sustainable use of biodiversity and/or ecosystem services; and publicly disclosing the information gathered regarding its areas of operation, in order to contribute to regional biodiversity management and ensure transparency to society. This commitment is published on the CEBDS website as of December 19, 2025, and is available at the corresponding link: https://cebds.org/ibnbio/projetos/
C17: 101-2 Management of biodiversity impacts
C19: 101-2a. Report how the mitigation hierarchy is applied by describing: i. actions taken to avoid negative impacts on biodiversity ii. actions taken to minimize negative impacts on biodiversity that were not avoided iii. actions taken to restore and rehabilitate affected ecosystems, including the goals of the restoration and rehabilitation, and how stakeholders are engaged throughout the restoration and rehabilitation actions iv. actions taken to offset residual negative impacts on biodiversity v. transformative actions taken and additional conservation actions taken
C20: Braskem recognizes the importance and suitability of applying the hierarchy of impact mitigation in its operations and value chain. In our code of conduct, we explain our commitment to taking proactive steps to prevent environmental impacts resulting from our operations, such as environmental pollution. We also mentioned the importance of the topic in our Positioning on Biodiversity. Currently, in terms of preventing negative impacts, a concrete way of applying the concept occurs in the area of risk analysis and management, both in our operations, considering risks of potential soil and water contamination, to name a few examples, and beyond our physical boundaries. From the perspective of suppliers, the main tool related to managing biodiversity impacts is our Responsible Ethanol Purchasing Program (PCRE), with specific biodiversity requirements that suppliers must meet to be eligible to provide ethanol for Braskem’s I’m green™ bio-based product portfolio. Further regarding the supply chain, in a broader sense, Braskem oversees a robust risk management program for raw materials and product assessment, encompassing chemical hazard characterization as well as risk evaluation, prioritization, and mitigation. As a voluntary initiative, Braskem's Product Stewardship team has developed and works with the internal Chemicals of Concern (CoC) program to better characterize, prioritize and manage risks of these substances. Find out more about the topic in our FAQ https://www.braskem-ri.com.br/en/faq-esg/. The following is also mentioned: (i) The measures taken to avoid negative impacts on biodiversity: Braskem follows the conditions applicable to its operating licenses, which try to avoid damage to the environment, especially air, water and soil pollution, as well as disturbances and noise. Technical monitoring reports are properly and consistently shared with the relevant environmental authorities. (ii) The measures taken to minimize negative impacts on biodiversity that have not been avoided: the company has procedures for identifying and managing risks and, in the potential occurrence of environmental impacts, remediation and monitoring actions are applicable. (iii) Not identified. (iv) The Measures taken to offset negative residual impacts on biodiversity: The Ecological Compensation Plan and Fauna Monitoring Plan are mentioned here, which provide for the planting of 47 hectares of mangroves in the area of CELMM (Mundaú-Manguaba Lagoon Estuarine Complex, in Alagoas). In addition, whenever the need for vegetation clearing is identified in the industrial area, the legal procedural requirements are followed, which may include compensatory measures depending on the region. (v) In Mexico, Braskem Idesa operates a 100-hectare Wildlife Conservation Management Unit (UMA) called "Ecozamia", registered with SEMARNAT (Ministry of Environment and Natural Resources of Mexico) and the Secretariat of Environment of the State of Veracruz. It was created in order to conserve the endemic species Ceratozamia miqueliana, as well as to support the restoration of local ecosystems, with its own nursery. The protected area is located in Ixhuatlán del Sur, Veracruz, approximately 2 km from the operating unit. Regarding the biodiversity management plan (PGB) in Braskem's units, there has not been, up to now, the identification of a need for such a plan. From a supply chain perspective, within its I'm green™ bio-based product portfolio, Braskem enforces a series of requirements for its ethanol supply chain and, depending on the supplier's maturity level, includes a request for PGB compliance. Items b, c, d, e, and f have already been incorporated into the answers above or do not apply.
C23: 101-2b. With reference to 101-2a.iii, report for each site with the most significant impacts on biodiversity: i. the size in hectares of the area under restoration or rehabilitation ii. the size in hectares of the area restored or rehabilitated
C24: Items b, c, d, e, and f have already been incorporated into the answers of item 101-2a above or do not apply.
... C95: Braskem relies on the ENCORE methodology to inform its mapping of potential dependencies and pressures on ecosystem services. For the reporting year, there is no specific analysis for Q1 BA and Q2 RS units. However, as a general reference point, the ENCORE tool indicates that, for chemical manufacturing operations in general, the following ecosystem services may potentially be affected by the basic chemicals manufacturing sector from a dependency perspective: water supply; rainfall pattern regulation services; soil and sediment services; solid waste remediation; water purification services; water flow regulation services; flood mitigation services; and storm mitigation services. It is worth noting that such a diagnosis of the ENCORE tool does not necessarily reflect Braskem's specific operations, as mentioned in our Biodiversity Positioning.

Sheet 201
B1: #VALUE! | F1: Table of Contents | G1: Material topics | H1: Environmental | I1: Economic | J1: Governance | K1: Social | L1: GRI | M1: SASB
C3: GRI 201 | Economic Performance
A4: Índice
C5: 201-1 Direct economic value generated and distributed
C7: According to the 2025 Financial Statements, "Statement of Value Added", page 14. Link: https://api.mziq.com/mzfilemanager/v2/d/540b55c5-af99-45f7-a772-92665eb948e9/8a6c7fc9-1921-40a3-4471-2b61bce6a66b?origin=2
C9: 201-1 a. Direct and distributed economic value | H9: 2018 | I9: 2020 | J9: 2021 | K9: 2022 | L9: 2023 | M9: 2024 | N9: 2025
C11: Total value added to be distributed (revenue) | H11: 68923212 | I11: 62583342 | J11: 121231191 | K11: 111139155 | L11: 82475000 | M11: 90192000 | N11: 84141000
C12: Total value added distributed | H12: 6970446 | I12: 9599133 | J12: 35227151 | K12: 15497338 | L12: 7516000 | M12: 9648000 | N12: 11860000
C13: Total value added retained | H13: 61952766 | I13: 52984209 | J13: 86004040 | K13: 95641817 | L13: 74959000 | M13: 80544000 | N13: 72281000
C15: 201-1b. Where significant, report the economic value generated and distributed separately by country, region or market levels, and the criteria used for defining significance
C16: Not applicable. Braskem does not disclose this type of information by country through the Financial Statements.
C18: 201-2 Financial implications and other risks and opportunities due to climate change
C20: 201-2a. Risks and opportunities posed by climate change that have the potential to generate substantive changes in operations, revenue, or expenditure, including: i. a description of the risk or opportunity and its classification as either physical, regulatory, or other ii. a description of the impact associated with the risk or opportunity iii. the financial implications of the risk or opportunity before action is taken iv. the methods used to manage the risk or opportunity v. the costs of actions taken to manage the risk or opportunity
C21: For physical risks (chronic and acute), potential impacts were identified that considered the operating characteristics of each industrial unit, the history of damage events and the existing control procedures at Braskem, considering 11 climate threats: hurricanes, meteorological droughts, sea level rise, epidemics, floods, severe storms, landslides, heat waves, cold waves, forest fires and windstorms. The analysis was based on three scenarios (SSP 2.6, SSP 4.5 and SSP 7.0) and 2030 and 2050 term horizons. In 2023, Braskem supplemented the climate risk study by including the maritime terminals in Alagoas and Rio de Janeiro in Brazil, and in 2024 consolidated the respective additional action plans. Thus, the current picture of high physical climate risks, for the 2030 time horizon, scenario SSP3-7.0 "Current policies", are: Severe droughts - 5, Flood - 3, Storms - 5, Rising sea levels - 4, Epidemics - 1, Windstorms - 4, Hurricanes - 1, totaling 23 high physical climate risks. For all these risks, there is an action plan in place to mitigate the risk. The most relevant physical risk is severe droughts, due to the number of operations impacted and also due to the potential economic impact. In terms of transition risks, the key risks identified were:
C22: POLICY AND LEGAL
C23: - Carbon pricing (creation of a new economic instrument) - International market restrictions or taxes on products from countries with insufficient climate policies | D23: - Increase in operating costs - Damage to the Company's image - Reduced revenue due to decreased demand for goods/services
C25: REPUTATIONAL
C26: - Increased stakeholder concern or negative feedback from stakeholders | D26: - Impact on the Company's image - Reduction in availability of capital - Difficulty in obtaining insurance or an increase in insurance premiums - Increased cost of capital
C27: Below are the most relevant opportunities:
C28: CLIMATE-RELATED OPPORTUNITIES | D28: POTENTIAL FINANCIAL IMPACT
C29: - Development and/or expansion of low-emission goods and services (Bio-based growth avenue) | D29: - Increased revenue through demand for low-emission products and services. - Increased revenue through new climate change adaptation solutions - Increased revenues through access to new and emerging markets - Greater diversification of financial assets
C30: The management of the implementation of the climate change adaptation plan is measured by the percentage of compliance with the action plan planned in the period and by the indicator of effectiveness of the reduction in the number of climate risks classified as high. Such climate risks are included in the Company's Corporate Risk Matrix, and are periodically monitored by the executive committee with an annual report on the progress to the Board of Directors. 2nd adaptation cycle (2023-2030) Indicator: No. of HIGH physical climate risks Plan (real): 2023 - Plan 29 (Real 29) 2024 - Plan 28 (Real 27) 2025 - Plan 24 (Real 23) 2026 - Plan 12 2027 - Plan 8 2028 - Plan 5 2029 - Plan 4 2030 - Plan zero
C33: 201-3 Defined benefit plan obligations and other retirement plans
C35: 201-3a. If the plan's liabilities are met by the organization's general resources, the estimated value of those liabilities must be reported
C36: The only Supplementary Pension Plan currently offered to Braskem members in Brazil is managed by Vexty. Vexty is a "Closed Complementary Pension Fund" that is non-profit and multi-sponsored. The Entity offers a defined contribution benefit plan and its participants may choose to make monthly contributions of 1 to 12% of the Applicable salary. The average contribution of a Braskem participant is 8.40%, this percentage of contribution of Braskem participants is higher than the overall average of Vexty, which is 7.51%. The level of adherence of Braskem members is 89.12% participating in the Plan. Most adhesions are made at the time the employee is hired. For non-participants, communications are made reinforcing the importance of participating in the plan throughout the year. Braskem's equity in the Vexty plan currently stands at R$1.97 Billion. Braskem has completed the process of withdrawing its sponsorship from certain pension plans it had over the years. As a result, these plans no longer have any participants. However, Braskem still manages the legal and administrative matters related to the termination of sponsorship for some of these plans. We will list below the likelihood that the company might lose a legal case involving amounts over R$100 million: In 2012, the Company withdrew sponsorship from the Petros Copesul and Petros PQU plans and, in 2009, from the Petros Copene Plan, which had Petros as a private pension entity, leaving the obligation established in the Sponsorship Withdrawal Term to pay the mathematical reserves of the Participants, under the terms of Complementary Law 109/2001, which was fulfilled in 2015, for the Petros Copesul and Petros PQU plans and, in 2009, the Petros Copene Plan. However, after payment, several beneficiaries filed individual and collective legal actions involving a range of issues, such as: (i) Discrepancy in individual withdrawal funds; (ii) Changes to the reference date; (iii) age limits; (iv) 90% of the supplementation; (vi) Refund of Contributions; (vii) Differences in savings reserve; (viii) Challenging the legality of the Withdrawal of Sponsorship. Currently, this portfolio is composed of 605 active cases, with a potential risk of loss, relating to financial contingencies and representing an estimated financial impact of R$783 Million. There is also a Class Action Lawsuit in which the Association of Retirees and Pensioners of Ipiranga (AAPI) claims compensation for alleged moral and material damages that are alleged to have been caused by former sponsors as a result of the Withdrawal of Sponsorship of the Private Pension Plans of the Francisco Martins Bastos Foundation (FFMB). On December 30, 2025, the plaintiff's claims totaled R$160.2 MM. The suit is likely to result in a possible loss.
C38: 201-3b. If a separate fund exists to pay the plan’s pension liabilities: i. the extent to which the scheme’s liabilities are estimated to be covered by the assets that have been set aside to meet them ii. the basis on which that estimate has been arrived at iii. when that estimate was made
C39: There is no specific fund.
C41: 201-3c. If a fund set up to pay the plan’s pension liabilities is not fully covered, explain the strategy
C42: There is no specific fund.
C44: 201-3d. Percentage of salary contributed by employee or employer
C46: Brazil | K46: 2022 | L46: 2023 | M46: 2024 | N46: 2025
C47: % of salary contributed by employee: 8.40% | K47: 0.0841 | L47: 0.083 | M47: 0.084 | N47: 0.084
C49: 201-3e. Level of participation in retirement plans
C51: Brazil | K51: 2022 | L51: 2023 | M51: 2024 | N51: 2025
C52: % participation in retirement plans: 89.12% | K52: 0.9351 | L52: 0.92 | M52: 0.914 | N52: 0.8912
C54: 201-4 Financial assistance received from the government
C56: 201-4a. The total monetary value of the financial support received from any government organization
C57: As outlined in the 2025 Financial Statements, Braskem obtained the following financial support:
C58: Recoverable taxes, explanatory note 9, page 41
C59: Tax incentives, explanatory note 28, page 117
C60: Financing and debentures, explanatory note 15, page 58
C61: Link: https://api.mziq.com/mzfilemanager/v2/d/540b55c5-af99-45f7-a772-92665eb948e9/8a6c7fc9-1921-40a3-4471-2b61bce6a66b?origin=2
C63: 201-4b. The information requested above, in 201-4a, broken down by country
C64: Not applicable. Braskem does not disclose this type of information by country through the Financial Statements.
C66: 201-4c. Whether, and the extent to which, any government is present in the shareholding structure
C67: Braskem is under the control of Petrobras, which itself is under the control of the Brazilian Federal Government. This information is contained in item 2-2.

Sheet 202
B1: #VALUE! | F1: Table of Contents | G1: Material topics | H1: Environmental | I1: Economic | J1: Governance | K1: Social | L1: GRI | M1: SASB
C3: GRI 202 | Market Presence
A4: Índice | B4: 3
C5: 202-1 Ratios of standard entry-level wage by gender compared to local minimum wage
C7: 202-1a. Ratios of standard entry-level wage by gender compared to local minimum wage in important operational units | H7: 2019 | I7: 2020 | J7: 2021 | K7: 2022 | L7: 2023 | M7: 2024 | N7: 2025
C9: Brazil
C10: São Paulo | H10: 1.7 | I10: 1.5 | J10: 1.7 | K10: 1.8354118 | L10: 1.8133802 | M10: 1.68 | N10: 1.3620124
C11: Rio de Janeiro | H11: 2.2 | I11: 2.1 | J11: 2.1431441 | K11: 2.057 | L11: 2.1108468 | M11: 1.9189516 | N11: 1.5180072
C12: Bahia | H12: 1.6 | I12: 1.6 | J12: 1.6 | K12: 1.6032319 | L12: 1.6448441 | M12: 1.4928125 | N12: 1.1809457
C13: Alagoas | H13: 1.6 | I13: 1.5 | J13: 1.6 | K13: 1.6032319 | L13: 1.6448441 | M13: 1.6448441 | N13: 1.1809457
C14: Rio Grande do Sul | H14: 1.8 | I14: 1.8 | J14: 1.7453333 | K14: 1.6566053 | L14: 1.6916118 | M14: 1.4141875 | N14: 1.1187907
C15: United States* | H15: 3.5 | I15: 3.7 | J15: 3.8427586 | K15: 3.6206897 | L15: 4.86 | M15: 4.37 | N15: 4.5225464
C16: Germany | H16: 2 | I16: 1.6 | J16: 1.36 | K16: 1.8742928 | L16: 1.76 | M16: 1.2 | N16: 1.5348914
C17: Mexico | H17: 3.4 | I17: 2.6 | J17: 2.2164054 | K17: 1.9947937 | L17: 1.77 | M17: 1.67 | N17: 1.4852179
C19: *For the United States data, our lowest annual base salary was taken as the reference point, divided by 2,080 to convert to an hourly rate and then divided by the US federal minimum wage (US$7.25/hour). We understand that this should be done using the lowest annual base salary, regardless of gender (ours is female), although the model says "202-1 Ratios of standard entry-level wage by gender compared to local minimum wage".
C21: 202-1b. Describe the steps taken to determine whether workers (who are not employees) are paid above the minimum wage
C22: Braskem applies the code of conduct for third parties to all service providers. In it, we establish the provision to its employees of adequate working conditions in terms of workload, health and safety — always in accordance with labor laws and as agreed in any collective bargaining agreements.
C24: 202-1c. Whether a local minimum wage does not exist or is variable in important operating units, by gender
C25: In Brazil, the country with the highest volume of employees, salaries compatible with collective agreements are offered, and the floor is above the minimum wage.
C27: 202-1d. The definition used for "significant locations of operation"
C28: All Braskem units were considered.
C31: 202-2 - Proportion of senior management hired from the local community
C33: 202-2a. Percentage of senior management at significant locations of operation that are hired from the local community | H33: 2019 | I33: 2020 | J33: 2021 | K33: 2022 | L33: 2023 | M33: 2024 | N33: 2025
C35: % members of senior management from the local community | H35: 0.50578035 | I35: 0.47428571 | J35: 0.51104972 | K35: 0.53623188 | L35: 0.5234375 | M35: 0.56455696 | N35: 0.57012195
C36: Brazil | H36: 0.56727273 | I36: 0.54316547 | J36: 0.56551724 | K36: 0.58536585 | L36: 0.55218855 | M36: 0.58176101 | N36: 0.5862069
C37: United States | H37: - | I37: - | J37: - | K37: - | L37: - | M37: - | N37: -
C38: Germany | H38: 0.63636364 | I38: 0.25 | J38: 0.375 | K38: 0.6 | L38: 0.5 | M38: 0.66666667 | N38: 0.8
C39: Mexico | H39: 0.26315789 | I39: 0.28205128 | J39: 0.31707317 | K39: 0.35 | L39: 0.6969697 | M39: 0.75862069 | N39: 0.85185185
C40: The Netherlands* | H40: - | I40: - | J40: - | K40: 0.14285714 | L40: 0.12121212 | M40: 0.14814815 | N40: 0.086956522
C41: Other countries | H41: 0.090909091 | I41: 0.08 | J41: 0.2173913 | K41: 0.75 | L41: 0.44444444 | M41: 0.44444444 | N41: 0.14285714
C43: Total senior management members from local communities | H43: 175 | I43: 166 | J43: 185 | K43: 222 | L43: 201 | M43: 223 | N43: 187
C44: Brazil | H44: 156 | I44: 151 | J44: 164 | K44: 192 | L44: 164 | M44: 185 | N44: 153
C45: United States | H45: 0 | I45: 0 | J45: 0 | K45: 0 | L45: 0 | M45: 0 | N45: 0
C46: Germany | H46: 7 | I46: 2 | J46: 3 | K46: 6 | L46: 6 | M46: 8 | N46: 8
C47: Mexico | H47: 10 | I47: 11 | J47: 13 | K47: 14 | L47: 23 | M47: 22 | N47: 23
C48: The Netherlands* | H48: 0 | I48: 0 | J48: 0 | K48: 4 | L48: 4 | M48: 4 | N48: 2
C49: Other countries | H49: 2 | I49: 2 | J49: 5 | K49: 6 | L49: 4 | M49: 4 | N49: 1
C51: Total members of senior management | H51: 346 | I51: 350 | J51: 362 | K51: 414 | L51: =SUM(L52:L57) -> 384 | M51: =SUM(M52:M57) -> 395 | N51: 328
C52: Brazil | H52: 275 | I52: 278 | J52: 290 | K52: 328 | L52: 297 | M52: 318 | N52: 261
C53: United States | H53: 0 | I53: 0 | J53: 0 | K53: 0 | L53: 0 | M53: 0 | N53: 0
C54: Germany | H54: 11 | I54: 8 | J54: 8 | K54: 10 | L54: 12 | M54: 12 | N54: 10
C55: Mexico | H55: 38 | I55: 39 | J55: 41 | K55: 40 | L55: 33 | M55: 29 | N55: 27
C56: The Netherlands* | H56: 0 | I56: 0 | J56: 0 | K56: 28 | L56: 33 | M56: 27 | N56: 23
C57: Other countries | H57: 22 | I57: 25 | J57: 23 | K57: 8 | L57: 9 | M57: 9 | N57: 7
C59: *Information on offices in the Netherlands was presented within the "Other countries" line item until 2021.
C60: Data compilation was performed as required.
C63: 202-2b. The definition used for "senior management"
C64: Until 2024, the member grid was used, and from 2025 onwards, the calculation began to consider the Management Level.
C66: 202-2c. The geographic definition of "location" adopted by the organization
C67: To construct this indicator, we considered the state of birth in Brazil and the country of birth in other locations. We do not report this in the United States due to legal issues.
C69: 202-2d. The definition used for "significant locations of operation"
C70: Regions where Braskem has plants or commercial offices.

Sheet 203
B1: #VALUE! | F1: Table of Contents | G1: Material topics | H1: Environmental | I1: Economic | J1: Governance | K1: Social | L1: GRI | M1: SASB
C3: GRI 203 | Indirect Economic Impacts
A4: Índice | B4: 3
C5: 203-1 Infrastructure investments and services supported
C7: 203-1a. Extent of development of significant infrastructure investments and services supported 203-1b. Current or expected impacts on communities and local economies, including positive and negative impacts where relevant 203-1c. Whether these investments and services are commercial, in-kind, or pro bono engagements
C8: In line with our Global Sustainable Development Policy, we seek to promote actions that facilitate the social and economic development of the communities where we operate, with a focus on generating positive impact and mitigating any negative impacts resulting from the operation. We also maintain a consistent policy of Private Social Investments, Donations and Sponsorships to build lasting and permanent relationships with the communities that live around our facilities. We are certain that partnerships are key to achieving our goals. For this reason, we combine efforts and work together with various links in our value chain and society. Our actions are focused on managing plastic consumption and post-consumer practices and foster innovation, entrepreneurship and local development in all regions where we operate. Through private social investments, there is a direct or indirect contribution to infrastructure related to public services, especially with regard to recycling and educational or community spaces, such as schools. Projects generally last for 3 years. We maintain an open dialogue with all communities located around our activities. In Brazil, we are involved in Community Advisory Councils (CCCs) in the five states where we operate (AL, BA, RJ, RS and SP), creating a more direct connection between Braskem's units or operations and the communities. Issues related to health, safety and the environment are discussed at these forums as a priority. In addition, we reinforce our relationship through the monitoring of our Private Social Investments (ISP) and the Formando Laços Brasil program, which focuses on receiving visitors to our industrial units, offices and environmental stations from schools, universities, customers, suppliers, the community and governmental and non-governmental institutions, the press, among others, in order to find out more about our processes, business, social programs and facilities. Through private social investments, donations (including emergency) and volunteering, we allocated about US$3.4 milion in 2025 in social responsibility actions in Brazil, Mexico, the United States and Europe, directly benefiting more than 389,000 people.
C10: 203-2 Significant indirect economic impacts
C12: 203-2a. Examples of significant identified indirect economic impacts of the organization, including positive and negative impacts. 203-2b. Significance of the indirect economic impacts in the context of external benchmarks and stakeholder priorities, such as national and international standards, protocols, and policy agendas
C13: In line with our Global Sustainable Development Policy, we seek to promote actions that facilitate the social and economic development of the communities where we operate, with a focus on generating positive impact and mitigating any negative impacts resulting from the operation. We also maintain a consistent policy of Private Social Investments, Donations and Sponsorships to build lasting and permanent relationships with the communities that live around our facilities. We are certain that partnerships are key to achieving our goals. For this reason, we combine efforts and work together with various links in our value chain and society. Our actions are focused on managing plastic consumption and post-consumer practices and foster innovation, entrepreneurship and local development in all regions where we operate. Through private social investments, there is a direct or indirect contribution to infrastructure related to public services, especially with regard to recycling and educational or community spaces, such as schools. Projects generally last for 3 years. We maintain an open dialogue with all communities located around our activities. In Brazil, we are involved in Community Advisory Councils (CCCs) in the five states where we operate (AL, BA, RJ, RS and SP), creating a more direct connection between Braskem's units or operations and the communities. Issues related to health, safety and the environment are discussed at these forums as a priority. In addition, we reinforce our relationship through the monitoring of our Private Social Investments (ISP) and the Formando Laços Brasil program, which focuses on receiving visitors to our industrial units, offices and environmental stations from schools, universities, customers, suppliers, the community and governmental and non-governmental institutions, the press, among others, in order to find out more about our processes, business, social programs and facilities. Through private social investments, donations (including emergency) and volunteering, we allocated about US$3.4 milion in 2025 in social responsibility actions in Brazil, Mexico, the United States and Europe, directly benefiting more than 389,000 people.

Sheet 204
B1: #VALUE! | F1: Table of Contents | G1: Material topics | H1: Environmental | I1: Economic | J1: Governance | K1: Social | L1: GRI | M1: SASB
C3: GRI 204 | Procurement Practices
A4: Índice | B4: 3
C5: 204-1 Proportion of spending on local suppliers
C7: 204-1a. Percentage of procurement budget used in important operating units that is spent on local suppliers | H7: 2019 | I7: 2020 | J7: 2021 | K7: 2022 | L7: 2023 | M7: 2024 | N7: 2025
C9: Percentage of budget spent with local suppliers (%) | H9: 0.75696588 | I9: 0.82559614 | J9: 0.77631648 | K9: 0.82776195 | L9: 0.82264191 | M9: 0.82372583 | N9: 0.86058041
C10: Brazil | H10: 0.73465054 | I10: 0.78797293 | J10: 0.76228183 | K10: 0.83264737 | L10: 0.8485 | M10: 0.8453119 | N10: 0.85538465
C11: United States | H11: 0.92875408 | I11: 0.980211 | J11: 0.98033835 | K11: 0.97835696 | L11: 0.8067 | M11: 0.78315472 | N11: 0.98176662
C12: Europe | H12: 0.56926598 | I12: 0.69807458 | J12: 0.71724501 | K12: 0.70769279 | L12: 0.723 | M12: 0.80482966 | N12: 0.77184393
C13: Mexico | H13: 0.62515362 | I13: 0.74735742 | J13: 0.60423355 | K13: 0.6357494 | L13: 0.6234 | M13: 0.70058398 | N13: 0.78856264
C15: Total amount spent with local suppliers (R$) | H15: 7.6463116e+09 | I15: 8.507e+09 | J15: 1.0425842e+10 | K15: 1.3479618e+10 | L15: 1.186515e+10 | M15: 1.0542674e+10 | N15: 1.1428786e+10
C16: Brazil | H16: 5.177229e+09 | I16: 5.3895861e+09 | J16: 8.1139783e+09 | K16: 1.0473672e+10 | L16: 9.3773962e+09 | M16: 8.0871904e+09 | N16: 8.2816211e+09
C17: United States | H17: 1.7960512e+09 | I17: 2.3043182e+09 | J17: 1.4978198e+09 | K17: 1.689331e+09 | L17: 1.468478e+09 | M17: 1.2992518e+09 | N17: 1.6197614e+09
C18: Europe | H18: 2.7794857e+08 | I18: 2.6950336e+08 | J18: 3.4336e+08 | K18: 5.7543271e+08 | L18: 3.8029899e+08 | M18: 4.2039172e+08 | N18: 4.2893702e+08
C19: Mexico | H19: 3.9508279e+08 | I19: 5.4359236e+08 | J19: 4.7068403e+08 | K19: 7.4118156e+08 | L19: 6.3897633e+08 | M19: 7.3583996e+08 | N19: 1.0984668e+09
C21: Total amount of the budget for suppliers (R$) | H21: 1.0101263e+10 | I21: 1.0304069e+10 | J21: 1.3429886e+10 | K21: 1.6284413e+10 | L21: 1.4423225e+10 | M21: 1.2798766e+10 | N21: 1.3280324e+10
... C25: Mexico | H25: 6.3197713e+08 | I25: 7.2735259e+08 | J25: 7.7897699e+08 | K25: 1.1658392e+09 | L25: 1.0249177e+09 | M25: 1.0503237e+09 | N25: 1.3929987e+09
C28: 204-1b. The organization’s geographical definition of "local"
C29: Considered for suppliers of Materials and Services established in the same country of industrial operation as Braskem.
C31: 204-1c. The definition used for "significant locations of operation"
C32: 4 main regions where Braskem operates (Brazil, the United States, Mexico and Europe [Germany and the Netherlands]) due to industrial production.

Sheet 205
B1: #VALUE! | F1: Table of Contents | G1: Material topics | H1: Environmental | I1: Economic | J1: Governance | K1: Social | L1: GRI | M1: SASB
C3: GRI 205 | Anti-Corruption
A4: Índice | B4: 3
C5: 205-1 Operations assessed for risks related to corruption
C7: 205-1a. Total number and percentage of operations assessed for risks related to corruption | H7: 2019 | I7: 2020 | J7: 2021 | K7: 2022 | L7: 2023 | M7: 2024 | N7: 2025
C9: Total number of operations assessed | H9: 41 | I9: 41 | J9: 40 | K9: 40 | L9: 40 | M9: 40 | N9: 40
C10: % of operations assessed | H10: 1 | I10: 1 | J10: 1 | K10: 1 | L10: 1 | M10: 1 | N10: 1
C13: 205-1b. Significant risks related to corruption identified by risk assessment
C14: No significant corporate risks related to Corruption were found, and the topic is continuously monitored and treated as a priority by the Vice Chairman of Compliance.
C16: 205-2 Communication and training about anti-corruption policies and procedures
C18: 205-2a. Total number and percentage of members of the governance body to whom the anti-corruption policies and procedures adopted by the organization were communicated, broken down by region | H18: 2019 | I18: 2020 | J18: 2021 | K18: 2022 | L18: 2023 | M18: 2024 | N18: 2025
C20: Total number of operations assessed | H20: - | I20: 11 | J20: 11 | K20: 11 | L20: 11 | M20: 11 | N20: 11
C21: % of members of the governance body communicated | H21: - | I21: 1 | J21: 1 | K21: 1 | L21: 1 | M21: 1 | N21: 1
C24: 205-2b. Total number and percentage of employees that the organization’s anti-corruption policies and procedures have been communicated to, broken down by employee category and region | H24: 2019 | I24: 2020 | J24: 2021 | K24: 2022 | L24: 2023 | M24: 2024 | N24: 2025
C26: Total number of operations assessed | H26: - | I26: 7993 | J26: 8312 | K26: 8668 | L26: 8569 | M26: 8846 | N26: 8233
C27: % of employees communicated to | H27: - | I27: 1 | J27: 1.0047794 | K27: 1 | L27: 1 | M27: 1 | N27: 1
C30: 205-2c. Total number and percentage of business partners that the organization’s anti-corruption policies and procedures have been communicated to, broken down by type of business partner and region. Describe if the organization’s anti-corruption policies and procedures have been communicated to any other persons or organizations
C31: Braskem does not disclose the total number of partners that were notified. The Third Party Code of Conduct and the Anti-Corruption Policy are available on the corporate website of Braskem and Braskem Idesa, and can be viewed at any time by anyone. In addition, Braskem expects its Suppliers to act in accordance with the Code of Conduct, so they are informed about the document when they engage with the Company.
C36: 205-2d. Total number and percentage of governance body members that have received training on anti-corruption, broken down by region | H36: 2019 | I36: 2020 | J36: 2021 | K36: 2022 | L36: 2023 | M36: 2024 | N36: 2025
C38: Total number of operations assessed | H38: - | I38: 11 | J38: 11 | K38: 11 | L38: 11 | M38: 9 | N38: 10
C39: % of members of the governance body trained | H39: - | I39: 1 | J39: 1 | K39: 1 | L39: 1 | M39: 0.81 | N39: 0.91
C41: 205-2e. Total number and percentage of employees that have received training on anti-corruption, broken down by employee category and region | H41: 2019 | I41: 2020 | J41: 2021 | K41: 2022 | L41: 2023 | M41: 2024 | N41: 2025
C43: Total number of operations assessed | H43: - | I43: 7486.9331 | J43: 8092.1058 | K43: 8373.288 | L43: 8569 | M43: 8799 | N43: 8015
C44: % of employees trained | H44: - | I44: 0.93668624 | J44: 0.97354497 | K44: 0.966 | L44: 1 | M44: 0.99 | N44: 0.97
C47: All Employees and apprentices hired to work at Braskem are asked to undergo specific required Compliance training sessions covering the following subjects: Code of Conduct, Anti-Corruption, Conflicts of Interest and Business Courtesies. These training sessions are held to communicate the Policies, guidelines and procedures on these topics, which are mechanisms adopted by Braskem as ways to combat corruption.
C49: 205-3 Confirmed incidents of corruption and actions taken
C51: 205-3a. Total number and nature of confirmed incidents of corruption | H51: 2019 | I51: 2020 | J51: 2021 | K51: 2022 | L51: 2023 | M51: 2024 | N51: 2025
C53: Total number and nature of confirmed cases | H53: - | I53: 0 | J53: 0 | K53: 0 | L53: 0 | M53: 0 | N53: 0
C55: 205-3b. Total number of confirmed cases in which employees were dismissed or disciplined for corruption | H55: 2019 | I55: 2020 | J55: 2021 | K55: 2022 | L55: 2023 | M55: 2024 | N55: 2025
C57: Total number and nature of confirmed cases | H57: - | I57: 0 | J57: 0 | K57: 0 | L57: 0 | M57: 0 | N57: 0
C59: 205-3c. Total number of confirmed incidents when contracts with business partners were terminated or not renewed due to violations related to corruption | H59: 2019 | I59: 2020 | J59: 2021 | K59: 2022 | L59: 2023 | M59: 2024 | N59: 2025
C61: Total number and nature of confirmed cases and terminated contracts | H61: - | I61: 0 | J61: 0 | K61: 0 | L61: 0 | M61: 0 | N61: 0
C64: 205-3d. Public legal cases regarding corruption brought against the organization or its employees during the reporting period and the outcomes of such cases | H64: 2019 | I64: 2020 | J64: 2021 | K64: 2022 | L64: 2023 | M64: 2024 | N64: 2025
C66: Legal proceedings related to corruption | H66: - | I66: 0 | J66: 0 | K66: 0 | L66: 0 | M66: 0 | N66: 0

Sheet 206
B1: #VALUE! | F1: Table of Contents | G1: Material topics | H1: Environmental | I1: Economic | J1: Governance | K1: Social | L1: GRI | M1: SASB
C3: GRI 206 | Anti-competitive Behavior
A4: Índice | B4: 3
C5: 206-1 Legal actions for anti-competitive behavior, anti-trust, and monopoly practices
C7: 206-1a. Number of legal actions pending or completed during the reporting period regarding anti-competitive behavior and violations of anti-trust and monopoly legislation in which the organization has been identified as a participant
C8: Braskem is not a party to any such lawsuit.
C10: 206-1b. Main outcomes of completed legal actions, including any decisions or judgements
C11: Braskem is not a party to any such lawsuit.

Sheet 207
B1: #VALUE! | F1: Table of Contents | G1: Material topics | H1: Environmental | I1: Economic | J1: Governance | K1: Social | L1: GRI | M1: SASB
C3: GRI 207 | Taxes
A4: Índice | B4: 3
C5: 207-1 Approach to tax
C7: 207-1a. Description of the tax approach
C8: Braskem S.A. and all its subsidiaries ("Braskem") act in a responsible manner with respect to the tax management of its business, complying in a timely manner with the applicable tax laws, rules and regulations in the local and international spheres. As such, in complying with its tax obligations, Braskem undertakes to follow the direction and intention of the law of the locations where it operates, adopting an ethical, integral and transparent posture, as established in its Code of Conduct. Braskem adopts internal procedures for the proper calculation of its taxes, which are periodically audited by the internal control area and by an independent audit, and considers tax risks in its corporate risk management. In order to strengthen the Company's business plan, Braskem is looking for ways to optimize its tax strategies in an effort to enhance its economic and commercial activities. Braskem is committed to not adopting structures with no economic purpose, given that tax analysis is only one variable among other aspects evaluated in the company's decision-making process. In this context, there is a commitment not to include, within its structures, jurisdictions with very low or no taxation, or those with favorable tax regimes. In this regard, the creation and/or dissolution of new corporate and business structures, within the Braskem Group, in locations where its companies operate or decide to operate, are always linked to the business and structural objectives of the company. Tax management is under the direction of Braskem's Financial Policy, which has been approved by the Board of Directors. Tax matters are the responsibility of the vice chairman of finance.
C10: 207-2 Tax governance, control, and risk management
C12: 207-2a. Description of the tax governance and control framework
C13: Braskem's tax management must be handled adeptly by implementing appropriate risk management strategies through internal controls. These measures aim to reduce the risk of tax-related issues, thereby contributing to increased business profitability both in Brazil and abroad. In dealings with governmental entities, an objective and unbiased approach must be maintained, involving fostering partnerships with business areas while emphasizing efficiency, transparency, and simplicity in internal processes. The principles of the Company's tax management must be in accordance with current law, as well as: adhere to strategic objectives and best market practices; guide internal processes and procedures; and establish commitments to be observed by the entire Company that possess a directive nature. If any activity of the Company is subject to tax interpretations, the following guidelines are adopted: negotiating tax agreements, formulating formal inquiries to the authorities, and/or formalizing legal opinions to support the procedures undertaken. In cases where uncertainty and financial risk cannot be reduced, the impacts are evaluated and documented in the Company's Financial Statements, in accordance with accounting standards. Braskem's consolidated financial statements are prepared in accordance with accounting practices adopted in Brazil and International Financial Reporting Standards, or IFRS. As for the litigation, the Management, based on its assessment and that of its external legal advisors, classifies the prognosis of its processes from the perspective of probability of loss (probable, possible and remote), and the estimates related to the conclusion of these processes and the possibility of future disbursement may change for reasons, such as amended laws and changes in jurisprudence. In addition, risk management is the primary responsibility of the Company's Business, Financial, Tax and Management Areas, so that the procedures established for the identification, evaluation, prioritization and treatment of risks are able to prevent, identify and remedy vulnerabilities in their actions, whether strategic, managerial or operational.
C16: 207-2b. Description of the mechanisms to raise concerns about unethical or unlawful behavior and the organization’s integrity in relation to tax
C17: According to GRI 2-26, "Mechanisms for seeking advice and raising concerns", Ethics Line Channel.
C19: 207-2c. Description of the assurance process for disclosures on tax including, if applicable, a link or reference to the external assurance report or assurance statement
C20: The result associated with tax management is detailed in the 2025 Financial Statements.
C22: 207-3 Stakeholder engagement and management of concerns related to tax
C24: 207-3a. Description of the approach to stakeholder engagement and management of concerns related to taxes
... C33: 207-4b. Description of tax jurisdictions (name, activity, number of employees, revenues, profits/losses, etc.)
F35: Country (BRL million) | G35: (iv)(v) Revenues¹ | H35: (vi) Earnings before taxes² | I35: (ix) Income Tax/Social Security Expense³
F36: Brazil | G36: 42789 | H36: -783 | I36: -9096
F37: Europe and USA | G37: 17329 | H37: -1034 | I37: 1746
F38: Mexico | G38: 7892 | H38: -4111 | I38: -376
F39: Others | G39: 2707 | H39: 3083 | I39: -389
F40: Total | G40: 70717 | H40: -2845 | I40: -8116
F42: ¹ Net Revenue by region, excluding intercompany transactions, as per Note 27.a to the Financial Statements
F43: ² Profit before taxes includes accounting adjustments
F44: ³ Income tax and social contribution expense, including deferred taxes
C46: 207-4b.i. Names of the resident entities
C47: Information available in the Financial Statements – Note 2.3 – Basis of Consolidation.
C49: 207-4b.ii. Primary activities of the organization
C50: According to the table in Item 207‑4.b.
C52: 207-4b.iii. Number of employees
C53: According to GRI 2-7.
C55: 207-4b.iv. Revenues from third-party sales 207-4b.v. Revenues from intra-group transactions with other tax jurisdictions
C56: The Company does not disclose this information in the Financial Statements, only by regions in which it operates, as presented in the table in item 207-4.b. The line ‘Others’ presents accounting adjustments related to intragroup revenue.
C58: 207-4b.vii. Tangible assets other than cash and cash equivalents
C59: Not applicable. Braskem does not disclose this type of information by country through the Financial Statements.
C61: 207-4.b.viii. Corporate income tax paid on a cash basis
C62: Not applicable. Braskem does not disclose this type of information by country through the Financial Statements.
... C68: Jan/2025 to Dec/2025.

Sheet 301
B1: #VALUE! | F1: Table of Contents | G1: Material topics | H1: Environmental | I1: Economic | J1: Governance | K1: Social | L1: GRI | M1: SASB
C3: GRI 301 | Materials
A4: Índice | B4: 3
C5: 301-1 Materials used by weight or volume
C7: 301-1a. Total weight or volume of materials (t)* | H7: 2019 | I7: 2020 | J7: 2021 | K7: 2022 | L7: 2023 | M7: 2024 | N7: 2025
C9: Total (t) | H9: - | I9: 19065003 | J9: 19275394 | K9: 18608765 | L9: =SUM(L10:L11) -> 17128972 | M9: 17053970 | N9: 14652124
C10: Non-renewable materials | H10: - | I10: 18476757 | J10: 18563678 | K10: 17902724 | L10: 16518214 | M10: 16467301 | N10: 13965240
C11: Renewable materials | H11: - | I11: 588246.53 | J11: 711716.46 | K11: 706041.43 | L11: 610758.28 | M11: 586669 | N11: 686884
C13: 301-2 Recycled input materials used
C15: 301-2a. Percentage of recycled input materials used to manufacture the organization's primary products and services | H15: 2019 | I15: 2020 | J15: 2021 | K15: 2022 | L15: 2023 | M15: 2024 | N15: 2025
C17: Total (t) | H17: 1643 | I17: 5090 | J17: 13141 | K17: 28338 | L17: 41083 | M17: 53362 | N17: =SUM(N18:N21) -> 35574
C18: Brazil | H18: 977 | I18: 2341 | J18: 7608 | K18: 14270 | L18: 23128 | M18: 28584 | N18: 21576
C19: United States | H19: 666 | I19: 1598 | J19: 2947 | K19: 8632 | L19: 7789 | M19: 11418 | N19: 4160
C20: Europe | H20: 0 | I20: 207 | J20: 282 | K20: 2651 | L20: 6016 | M20: 7610 | N20: 2985
C21: Mexico | H21: 0 | I21: 944 | J21: 2304 | K21: 2785 | L21: 4150 | M21: 5750 | N21: 6853
C24: 301-3 Reclaimed products
C26: 301-3a. Percentage of reclaimed products and their packaging materials for each product category
C27: <1% of the total volume of raw materials purchased.
C29: 301-3b. Data collection
C30: Data collected through Braskem's production and sales performance systems.

Sheet 302
B1: #VALUE! | F1: Table of Contents | G1: Material topics | H1: Environmental | I1: Economic | J1: Governance | K1: Social | L1: GRI | M1: SASB
C3: GRI 302 | Energy
A4: Índice | B4: 3
C5: 302-1 Energy consumption within the organization
C7: 302-1a. Total fuel consumption within the organization from non-renewable sources, in joules or multiples thereof, including the types of fuels used | H7: 2019 | I7: 2020 | J7: 2021 | K7: 2022 | L7: 2023 | M7: 2024 | N7: 2025
C8: Total
H9: 1.7305758e+08 | I9: 1.7387882e+08 | J9: 1.7418946e+08 | K9: 1.6816832e+08 | L9: 1.5360208e+08 | M9: 153016540 | N9: 140.401.125
C10: Natural gas | H10: 48207233 | I10: 42701374 | J10: 42758372 | K10: 40257492 | L10: 32749773 | M10: 41100973 | N10: 38614120
C11: Tail Gas | H11: 1.0711145e+08 | I11: 1.1078135e+08 | J11: 1.1122751e+08 | K11: 1.0978389e+08 | L11: 1.064406e+08 | M11: 97681934 | N11: 83086948
C12: Fuel oil and waste | H12: 146788.28 | I12: 578.84473 | J12: 166075.14 | K12: 10556404 | L12: 8997159.3 | M12: 9529002.8 | N12: 8078680
C13: Other Fuels* | H13: 9785137.2 | I13: 11741718 | J13: 11709006 | K13: 75410.634 | L13: 328472.82 | M13: 458356 | N13: 1175040
C14: Coal | H14: 7806966.1 | I14: 8653797.4 | J14: 8328494.9 | K14: 7495129.6 | L14: 5086079.1 | M14: 4246274.5 | N14: 9446337
C17: 302-1b. Total fuel consumption within the organization from renewable sources, in joules or multiples thereof, including the types of fuels used | H17: 2019 | I17: 2020 | J17: 2021 | K17: 2022 | L17: 2023 | M17: 2024 | N17: 2025
C19: Total consumption of renewable fuels (GJ)* | K19: 13942.111 | L19: 89066.79 | M19: =SUM(M20:M22) -> 62031.06 | N19: 439627
C20: Biomass*** | H20: - | I20: - | J20: - | K20: 0 | L20: 80629.69 | M20: 51467.29 | N20: 194088
C21: Ethanol** | H21: - | I21: - | J21: - | K21: =1669.41564530717+4103.02660850984 -> 5772.4423 | L21: 3400.0479 | M21: 5848.49 | N21: 4657
C22: Others**** | H22: - | I22: - | J22: - | K22: 8169.6688 | L22: 5037.052 | M22: 4715.28 | N22: 240882
C24: * As of 2025, we have started to classify Hydrogen as “Other fuels,” since although it has no associated emissions, it is used as a source of energy generation in the industrial process. ** As of 2022, we have started to report hydrated ethanol used as an energy source in stationary sources, as well as the renewable portions contained in commercial gasoline (anhydrous ethanol) and diesel (biodiesel). *** In 2025, we consumed a higher volume of biomass compared to 2024 in Rio Grande do Sul. **** As of 2025, we began operations with biomethane in Rio Grande do Sul, partially replacing Natural Gas.
C26: 302-1c. In joules, watt-hours or multiples, the total of the following: | H26: 2019 | I26: 2020 | J26: 2021 | K26: 2022 | L26: 2023 | M26: 2024 | N26: 2025
C28: Total consumption of other energy sources (MWh)* | H28: 5727142.1 | I28: 5222196.6 | J28: 5671158.3 | K28: 5331748.3 | L28: 5944633.9 | M28: 5520471 | N28: 7612639
C29: Electricity consumption | H29: - | I29: - | J29: - | K29: 4219800 | L29: 4446957.8 | M29: 4361786 | N29: 3941898
C30: Heating consumption | H30: - | I30: - | J30: - | K30: 0 | L30: 0 | M30: 0 | N30: 0
C31: Cooling consumption | H31: - | I31: - | J31: - | K31: 0 | L31: 0 | M31: 0 | N31: 0
C32: Steam consumption | H32: - | I32: - | J32: - | K32: 1111948.3 | L32: 1498608.1 | M32: 1158684.5 | N32: 3670741
C34: * In 2025, steam consumption increased due to the production of Vesta in São Paulo and the completion of the Motorization project at PVC AL.
C36: 302-1d. In joules, watt-hours or multiples, the total of the following: | H36: 2019 | I36: 2020 | J36: 2021 | K36: 2022 | L36: 2023 | M36: 2024 | N36: 2025
C38: Total energy sales (MWh) | H38: 1704247.2 | I38: 1624535.3 | J38: 1795758.4 | K38: 1636141.7 | L38: 1152743.7 | M38: 1233906 | N38: 1278895
C39: Electricity sold | H39: 630870.11 | I39: 601686 | J39: 668507.86 | K39: 623903.75 | L39: 592179.66 | M39: 629.269 | N39: 613763
C40: Heating sold | H40: - | I40: - | J40: - | K40: 0 | L40: 0 | M40: 0 | N40: 0
C41: Cooling sold | H41: - | I41: - | J41: - | K41: 0 | L41: 0 | M41: 0 | N41: 0
C42: Steam sold | H42: 1045591.2 | I42: 1022849.3 | J42: 1127250.5 | K42: 1012237.9 | L42: 560564.07 | M42: 604637.45 | N42: 665132
C44: 302-1e. Total energy consumption within the organization in joules or multiples | H44: 2019 | I44: 2020 | J44: 2021 | K44: 2022 | L44: 2023 | M44: 2024 | N44: 2025
C46: Total energy consumed (GJ) | H46: 1.8780233e+08 | I46: 1.8688289e+08 | J46: 1.8851234e+08 | K46: 1.8737656e+08 | L46: 1.7509519e+08 | M46: 172885362 | N46: 168343900
C47: Self-generated energy | H47: - | I47: - | J47: - | K47: 1.2001326e+08 | L47: 1.1349531e+08 | M47: 105113145 | N47: 145558460
C48: Self-Generated / Consumed Ratio | H48: - | I48: - | J48: - | K48: 0.64 | L48: 0.64819208 | M48: 0.61 | N48: 0.86
C50: 302-1f. Standards, methodologies, assumptions, and/or calculation tools used
C51: Consumption data taken form the 2025 GHG inventory.
C53: 302-1g. Source of conversion factors used
C54: PCI and Density of the National Energy Balance 2022 (BEN, 2022), available in the Brazilian GHG Protocol Program (PBGHG Protocol) tool.
C56: 302-2 Energy consumption outside of the organization
C58: 302-2a. Energy consumption outside the organization, in joules or multiples* | H58: 2019 | I58: 2020 | J58: 2021 | K58: 2022 | L58: 2023 | M58: 2024 | N58: 2025
C59: Upstream categories - Cat.3 (GJ) | H59: - | I59: - | J59: - | K59: 5890110 | L59: 4149877.4 | M59: 4442063.6 | N59: 4604022
C61: *Reporting begins in 2022
C63: 302-2b. Standards, methodologies, assumptions, and/or calculation tools used
C64: According to the inventory of greenhouse gases, indicator GRI 305. The requirements for compiling the report were included.
C66: 302-2c. Source of conversion factors used
C67: According to the inventory of greenhouse gases, indicator GRI 305.
C69: 302-3 Energy intensity
C71: 302-3a. Energy intensity rate for the organization | H71: 2019 | I71: 2020 | J71: 2021 | K71: 2022 | L71: 2023 | M71: 2024 | N71: 2025
C72: Total Energy Consumed (GJ) | H72: 1.8780233e+08 | I72: 1.8688289e+08 | J72: 1.8851234e+08 | K72: 1.8737656e+08 | L72: 1.7509519e+08 | M72: 172885362 | N72: 168343900
C73: Intensity (GJ/tons) | H73: 11.180404 | I73: 11.613281 | J73: 11.172974 | K73: 11.308429 | L73: 11.073489 | M73: 10.87 | N73: 11.16
C75: 302-3b. Organization-specific metric (the denominator) chosen to calculate the ratio | H75: 2019 | I75: 2020 | J75: 2021 | K75: 2022 | L75: 2023 | M75: 2024 | N75: 2025
C76: Production (tons) | H76: 16797456 | I76: 16092170 | J76: 16872173 | K76: 16569637 | L76: 15812107 | M76: 15907195 | N76: 15077873
C78: 302-3c. Types of Energy
C79: Fuel, electricity, heating, cooling, steam, or all.
C81: 302-3d. Whether the ratio uses energy consumption within the organization, outside of it, or both
C82: Energy consumed within the organization.
C83: The requirements for compiling the report were included.
C85: 302-4 Reduction of energy consumption
C87: 302-4a. Amount of reductions in energy consumption achieved as a direct result of conservation and efficiency initiatives, in joules or multiples
C88: In 2025, we saw a reduction in the absolute volume of energy consumed compared to the previous year, which was justified by some factors, for example: the downward cycle of the petrochemical industry, which impacts the average rate of use of crackers and, consequently, reduces the absolute energy consumption of plants, in addition to energy efficiency improvement projects and continuous improvement of industrial processes, managed through the Industrial Decarbonization Program.
C91: 302-4b. Types of Energy
C92: All.
C94: 302-4c. Base year
C95: According to the inventory of greenhouse gases, indicator GRI 305.
... C98: According to the inventory of greenhouse gases, indicator GRI 305. The requirements for compiling the report were included.

Sheet 303
B1: #VALUE! | F1: Table of Contents | G1: Material topics | H1: Environmental | I1: Economic | J1: Governance | K1: Social | L1: GRI | M1: SASB
C3: GRI 303 | Water and effluents
A4: Índice | B4: 3
C5: 303-1 Interactions with water as a shared resource
C7: 303-1a. A description of how the organization interacts with water, including how and where water is withdrawn, consumed, and disposed, and the water-related impacts the organization has caused or contributed to, or that are directly linked to its operations, products, or services by its business relationships (e.g., impacts caused by runoff)
C8: A description of how the organization interacts with water, including how and where water is withdrawn, consumed, and disposed, and the water-related impacts the organization has caused or contributed to, or that are directly linked to its operations, products, or services by its business relationships (e.g., impacts caused by runoff). Water is a fundamental resource for petrochemical production and is used throughout the production process. Some of its primary uses includes the use in refrigeration systems and steam generation, as well as incorporated into certain products. Water scarcity, exacerbated by the effects of climate change, can have a negative impact on our business in some regions, and the continuity of our operations. Braskem collects water from a variety of sources—surface water from hydrographic basins, renewable groundwater, non-renewable groundwater, rainwater indirectly (not significantly), reclaimed water from sewage treatment, and water acquired from third parties, in liquid or vapor form. After use, the water is treated according to the required standards and applicable legal requirements, and then designated for release into fresh surface waters, seawater, or subjected to additional treatment by third parties. The objectives and goals of Braskem's water governance strategy are associated with public commitments to SDG 6, the Movement + Water led by the Brazil Network of the UN Global Compact and the Brazilian Business Commitment to Water Security of the Brazilian Business Council for Sustainable Development (CEBDS). The lack of water can partially or totally disrupt (depending on the level of water reduction) industrial operations and/or impact operating costs, because considering the value chain, a significant portion of our suppliers also rely heavily on water for their processes. Due to the fact that we have operations that require a large amount of water in regions of potential water stress, the collection and consumption of this resource can become critical, due to potential disputes over these resources with other users, especially local households or the broader community. As such, there is a plan in the company's strategy to seek new, more sustainable sources of water abstraction in these regions, thereby avoiding potential conflicts with communities. In these areas of potential "water stress," the use of reclaimed water is an alternative means to sustain operations under normal conditions (mitigate/neutralize impacts) and avoid competition for fresh water. Another impact of the Business on water resources relates to the effects of post-consumption of products from our chain and incorrect disposal into rivers and seas, resulting in the presence of plastic waste in water resources and seas. For this impact, the company has taken some actions. This can be found in the "Water Resources Management and Water Security" item from the 2025 Integrated Report. Braskem measures and monitors 100% of the volumes of water entering its operations, as well as the effluents generated and returned to the bodies of water.
C11: 303-1b. A description of the approach used to identify water-related impacts, including the scope of assessments, their timeframe, and any tools or methodologies used
C12: Due to the nature of Braskem's operations, the company is legally obliged to conduct various monitoring activities on its release of liquid waste (parameters such as pH, temperature, OBD, sediments, oils, floating materials, benzene, among several others). These obligations and monitoring activities are overseen and supervised by government environmental agencies through periodic reports and inspection, after being identified in a risk analysis as a support for an Environmental Impact Study. Each Braskem business unit has its own set of specific parameters that it monitors for pollutants. These parameters are outlined in the environmental operation license and must at least meet the requirements set by national regulations, such as Brazil’s CONAMA Resolution No. 430/2011. Failure to comply may lead to fines and a prohibition on discharging effluents. Depending on the business unit and its risks, the company carries out additional monitoring (in addition to legal standards) on its own initiative, such as the concentration of BTX in effluents, according to regulations and standards of the Ministry of Labor, National and International Agreements. All effluents undergo appropriate treatment before being discharged and the samples are analyzed in specific laboratories to identify potential water pollutants, and the results of these analyses are sent to regulatory agencies. But in some cases, the effluent is not even discharged into bodies of water, as is the case of our plants in Rio Grande do Sul where, after undergoing 3 levels of treatment, the effluent is released onto the soil in a designated area of 200 hectares. As a petrochemical company, the plants deal with specific pollutants such as BTX, organochlorines and heavy metals. These specific pollutants can have serious effects such as intoxication, carcinogenic potential, insomnia, and others, and are therefore under severe control and neutralized by the company's best practices and procedures. Braskem has documented internal procedures on exposure control, including biological, and control/prevention measures. The potential impacts caused by our direct operation are related to the degradation of water quality with potential impacts on bodies of water; increased treatment costs for the use of these resources; damage to the value of property on the banks of rivers; lower oxygen in the water with potential impacts on biodiversity. Some elements can cause poisoning and bioaccumulation, such as heavy metals, while others, such as oil, can cause cancer and harm biodiversity in various ways (suffocation, impediment of photosynthesis, poisoning, etc.). The PH can cause corrosion and damage to plants and agriculture. BTX can cause cancer and less severe effects such as nausea, vomiting, drowsiness. Mercury can cause damage to the immune system, central nervous system, and compromise the development of fetuses. The impacts are generally regional, with low to medium probability and medium to high magnitude. Some chemicals, like heavy metals and mercury, can have a persistent and bioaccumulative effect. Others, such as BTX, may have a diffuse impact due to its volatility. Our main suppliers are Oil and Gas companies that share the same conditions for generating effluents and potential impacts and are subject to identical regulations and authorizations.
C15: 303-1c. A description of how water-related impacts are addressed, including how the organization works with stakeholders to steward water as a shared resource, and how it engages with suppliers or customers with significant water-related impacts
C17: The impacts related to water are taken into account at the time the materiality matrix is created, which defines the priority themes for the company's sustainability strategy. Braskem participates in specific regional and international technical forums related to water in an effort to identify best practices and initiatives for partnerships, engagement actions and collective actions related to water governance, support in developing appropriate public policies, in line with the public commitments assumed by the company. In terms of suppliers, Braskem uses the geographical location criterion to identify critical suppliers located in regions of potential water stress. These suppliers participate annually in an engagement program, providing information about their practices, initiatives, indicators and targets to improve their water efficiency, as well as information about the risks associated with their activities to reduce water risk. In 2025, Braskem invited 89 suppliers to participate in the annual engagement program and saw an engagement rate of 99%. All industrial units apply a series of treatments for effluentes at all three levels to ensure that these pollutants do not exceed legally established limits and are safe for the environment and human health. At the first level, the process uses gravitational separators specifically designed to handle oil in water. The second stage uses neutralization, coagulation, filtration and flotation techniques and at level 3, the company uses, depending on the plant, solutions such as biological filterers, oxidation towers, reverse osmosis and specific solutions for the removal of BTX, organochlorines and mercury (which is present only in 1 of our factories).
C19: 303-1d. An explanation of the process for setting any water-related goals and targets that are part of the organization’s approach to managing water and effluents, and how they relate to public policy and the local context of each area with water stress
C20: To establish objectives and goals related to water, the company relies on the materiality matrix and the sustainable development strategy. The goals and objectives related to water are connected to the macro objectives of climate change and operational efficiency, through water consumption indicators, effluent generation and water security index. In order to make progress on the water security indicator, various initiatives, such as developing more sustainable methods for water sourcing, are being planned. These methods include using technologies like wastewater reuse, seawater desalination, and others, although some of these options may currently face legal uncertainties in certain regions. As such, Braskem engages with certain entities and associations to help develop adequate public policies that encourage the multiplication of these types of initiatives. Water stress regions, with physical climate risk of severe droughts and high water risk of the river basin, are given priority when it comes to identifying and implementing more sustainable water sourcing methods. Braskem manages water risk through an integrated process linked to its climate risk management framework. In regions identified as having high exposure to severe drought under the climate risk assessment, a basin-level water risk analysis is carried out. Where high water risk is confirmed, actions are established to assess and implement more sustainable water sourcing alternatives, which are subsequently incorporated into the regional climate adaptation plan.
C22: 303-2 Management of water discharge-related impacts
C24: 303-2a. A description of the minimum standards set for the quality of effluent discharge, and how these minimum standards were determined
C25: At all our units, effluent management is based on discharge standards defined in accordance with local legislation and internal procedures. Some industrial plants also have laboratories that are equipped to analyze effluents and create internal environmental quality assessment standards. We would like to point out that each region where we operate is unique, so we respect their operational conditions, including those related to the substances that are a particular concern and the composition of the effluents. These substances and their respective limits are listed in specific legislation of each country and/or region or in the operating licenses. Braskem has internal documents that standardize the topic, such as the Work Instructions, which locally address the management and monitoring of effluents within the company. For example: BRK-INS-01-018776-PT - MONITORING OF BAHIA REGIONAL EFFLUENT SYSTEMS, which applies to the Bahia regional; BRK-INS-01-017491 - SOUTH REGIONAL EFFLUENT MANAGEMENT, which applies to the state of Rio Grande do Sul. There are 3 main ways in which Braskem handles its liquid effluents: a) Discharging into surface water bodies; b) Discharging into the ocean; and c) Sending to third parties for final treatment. For each of the destinations, there are specific quality standards of the effluent released that take into account local legislation, when disposed of into receiving bodies of water or treatment capacity when sent to third parties. For effluents sent to third parties, the third-party company monitors the quality of the effluent, and it is responsible for the treatment and must maintain the established quality standards of the effluent. Braskem constantly monitors the results.
C28: 303-3 Water withdrawal
C30: 303-3a. Total water withdrawal from all areas in megaliters, and a breakdown of this total by the following sources, if applicable | H30: 2019 | I30: 2020 | J30: 2021 | K30: 2022 | L30: 2023 | M30: 2024 | N30: 2025
C32: Total water withdrawn (megaliters) | H32: 20142 | I32: 72534.29 | J32: 79606.305 | K32: 73438.461 | L32: 69016.598 | M32: 67876.251 | N32: 64843.268
C33: Surface water | H33: 20100 | I33: 14515.58 | J33: 19355.474 | K33: 19949.129 | L33: 19039.794 | M33: 19781.89 | N33: 17988.333
C34: Groundwater | H34: 42 | I34: 2200 | J34: 1143.22 | K34: 3054.4806 | L34: 3552.3371 | M34: 3330.6281 | N34: 2041.7423
C35: Seawater | H35: 0 | I35: 0 | J35: 0 | K35: 0 | L35: 0 | M35: 0 | N35: 0
C36: Produced water | H36: 0 | I36: 0 | J36: 0 | K36: 0 | L36: 0 | M36: 0 | N36: 0
C37: Third party water | I37: 55818.71 | J37: 59107.611 | K37: 50434.851 | L37: 46424.467 | M37: 44763.733 | N37: 44813.192
C39: Total reuse water (megaliters)* | H39: - | I39: - | J39: 7450.9001 | K39: 6966.1355 | L39: 8114.385 | M39: 8700 | N39: 9360.248
C40: Third party water | H40: - | I40: - | J40: =J39 -> 7450.9001 | K40: 6966.1355 | L40: 8114.385 | M40: 8700 | N40: 9360.248
C41: *Total water collected was separated into two breaks in 2021 (water withdrawal and reclaimed water)
C44: 303-3b. Total water withdrawal from all areas with water stress in megaliters, and a breakdown of this total by the following sources, if applicable | H44: 2019 | I44: 2020 | J44: 2021 | K44: 2022 | L44: 2023 | M44: 2024 | N44: 2025
C46: Total water withdrawn in areas of water stress (megaliters) | H46: 0 | I46: 13831.11 | J46: 12565.197 | K46: 38341.508 | L46: 40152.259 | M46: 41735 | N46: 39665.097
C48: Not applicable
C49: Braskem does not compile this type of information according to its source
C51: 303-3c. Breakdown of total water withdrawn from each of the sources listed in Disclosures 303-3a and 303-3b in megaliters by the following categories: | H51: 2019 | I51: 2020 | J51: 2021 | K51: 2022 | L51: 2023 | M51: 2024 | N51: 2025
C53: Fresh water (total dissolved solids ≤1,000 mg/L). | H53: 83700 | I53: 71477.51 | J53: 81150.596 | K53: 73438.461 | L53: 69016.598 | M53: 67876 | N53: 64843.268
C54: Other types of water (total dissolved solids >1,000 mg/L) | H54: - | I54: - | J54: - | K54: - | L54: -
C56: 303-3d. Any contextual information necessary to understand how the data have been compiled, such as any standards, methodologies, and assumptions used
C58: It was determined that the Northeast and Southeast regions of Brazil are the regions that are under water stress. For the quantitative analysis of the volume in an area under water stress, the following assumptions were used: Surface and groundwater used by Braskem. Water acquired from third parties (including potable in ABC), except water from Aquapolo (ABC Region within the broader region of São Paulo). The acquisition of water from third-party companies was considered because we have not yet mapped 100% of the withdrawal points of the third-party company from which we acquire the water to ensure that they are from safe sources. Underground withdrawal was considered because, in some areas of water stress, the population's supply is also starting to be made with groundwater.
C60: 303-4 Water discharge
C62: 303-4a. Total water discharge to all areas in megaliters, and a breakdown of this total by the following types of destination, if applicable: | H62: 2019 | I62: 2020 | J62: 2021 | K62: 2022 | L62: 2023 | M62: 2024 | N62: 2025
C64: Total water discharge (megaliters) | H64: 20810 | I64: 20188.44 | J64: 19375.95 | K64: 19966.137 | L64: 20400.863 | M64: 19208.87 | N64: 17860.773
C65: Surface water | H65: 8000 | I65: 7541.13 | J65: 7067 | K65: 7249.0196 | L65: 6350.5191 | M65: 6181.974 | N65: 5888.7986
C66: Groundwater | H66: 8700 | I66: 7837.31 | J66: 8003 | K66: 0 | L66: 0 | M66: 0 | N66: 0
C67: Seawater | H67: 0 | I67: 0 | J67: 0 | K67: 7983.1748 | L67: 3156.7513 | M67: 3261.542 | N67: 2605.6163
C68: Produced water | H68: 10 | I68: 10 | J68: 55.75 | K68: 45.725 | L68: 10893.592 | M68: 9765.3537 | N68: 9366.3582
C69: Third party water | H69: 4100 | I69: 4800 | J69: 4250.2 | K69: 4688.2174 | L69: 0 | M69: 0 | N69: 0
C71: 303-4b. A breakdown of total water discharge to all areas in megaliters by the following categories: | H71: 2019 | I71: 2020 | J71: 2021 | K71: 2022 | L71: 2023 | M71: 2024 | N71: 2025
C73: Fresh water (total dissolved solids ≤1,000 mg/L) | H73: 20810 | I73: 20188.44 | J73: 19375.95 | K73: 19966.137 | L73: 20400.863 | M73: 19209 | N73: 17860.773
C74: Other types of water (total dissolved solids >1,000 mg/L) | H74: - | I74: - | J74: - | K74: - | L74: - | M74: -
C75: Not applicable
C76: Braskem does not compile this type of information according to its source.
C79: 303-4c. Total water discharge to all areas with water stress in megaliters, and a breakdown of this total by the following categories: | H79: 2019 | I79: 2020 | J79: 2021 | K79: 2022 | L79: 2023 | M79: 2024 | N79: 2025
C81: Fresh water (total dissolved solids ≤1,000 mg/L) | H81: - | I81: - | J81: - | K81: 9482.7921 | L81: 12089.582 | M81: 11397.698 | N81: 10386.357
C82: Other types of water (total dissolved solids >1,000 mg/L) | H82: - | I82: - | J82: - | K82: - | L82: - | M82: - | N82: -
C84: 303-4d. Priority substances of concern for which discharges are treated, including: how the priority substances of concern were defined and the international standards, internationally recognized lists or criteria used; the approach to establish the disposal limits for priority substances of concern; number of cases of non-compliance with the disposal limits
C85: All industrial units have operating instructions granted by the environmental agencies that contain all the parameters that need to be monitored according to the substances involved in their production processes. Among the parameters analyzed are: Biochemical oxygen demand, Chemical oxygen demand, PH, Phosphate, Sedimentary solid, and others.
C88: 303-4e. Any contextual information necessary to understand how the data have been compiled, such as any standards, methodologies, and assumptions used
C89: In 2025, Braskem’s effluent generation eco-indicator reached 1.25 m³/t, meeting the annual target of 1.25 m³/t and representing a 1.8% increase compared to the previous year’s performance of 1.22 m³/t. This result was positively impacted by the São Paulo region (notably the efficiency of Q3 ABC) and the Bahia region (notably Q1 BA and PVC1 BA). Braskem production below the Action Plan, maintenance shutdown at Braskem Idesa, and CS AL hibernated industrial unit all had a negative impact. Total effluent generation was 17.9 million liters. About the area with water stress: It was determined that, in Brazil, the Northeast (BA and AL) and Southeast (RJ and SP, except the region of Cubatão) regions are under water stress. This was the base information for the quantitative analysis of the volume discharged in an area under water stress.
C91: 303-5 - Water consumption
C93: 303-5a. Total water consumption from all areas in megaliters | H93: 2019 | I93: 2020 | J93: 2021 | K93: 2022 | L93: 2023 | M93: 2024 | N93: 2025
C95: Total water consumption (megaliters) | H95: 72400 | I95: 69341.23 | J95: 70667 | K95: =SUM(K96:K100) -> 71215.779 | L95: =SUM(L96:L100) -> 69526.44 | M95: 68502.423 | N95: =SUM(N96:N100) -> 65766.304
C96: Surface water | H96: - | I96: - | J96: - | K96: 17419.749 | L96: 17669.057 | M96: 17759.008 | N96: 16016.886
C97: Groundwater | H97: - | I97: - | J97: - | K97: 3069.829 | L97: 3552.3375 | M97: 3330.6277 | N97: 2041.7423
C98: Seawater | H98: - | I98: - | J98: - | K98: 0 | L98: 0 | M98: 0 | N98: 0
C99: Produced water | H99: - | I99: - | J99: - | K99: 0 | L99: 0 | M99: 0 | N99: 0
C100: Third party water | H100: - | I100: - | J100: - | K100: 50726.201 | L100: 48305.046 | M100: 47412.787 | N100: 47707.676
C102: 303-5b. Total water consumption from all areas with water stress in megaliters | H102: 2019 | I102: 2020 | J102: 2021 | K102: 2022 | L102: 2023 | M102: 2024 | N102: 2025
C104: Total water consumption in areas of water stress (megaliters) | H104: - | I104: - | J104: - | K104: 35602.979 | L104: 38598.432 | M104: 39252.85 | N104: 36972.899
C106: Not applicable.
C107: Braskem does not compile this type of information according to its source.
C109: 303-5c. Change in water storage in megaliters, if water storage has been identified as having a significant water-related impact
C110: There have been no changes in water storage that may have had a significant water-related impact.
C112: 303-5d. Any contextual information necessary to understand how the data have been compiled, such as any standards, methodologies, and assumptions used, including whether the information is calculated, estimated, modeled, or sourced from direct measurements, and the approach taken for this, such as the use of any sector-specific factors
C113: In 2025, Braskem’s water consumption eco-indicator reached 4.59 m³/t, exceeding the annual target of 4.46 m³/t by 2.9% and surpassing the prior year’s level of 4.37 m³/t by 5.2%. This outcome was negatively influenced by production below the Action Plan, notably in the Alagoas region (production below the Action Plan and the CS1 plant shutdown), the Rio Grande do Sul region (production below the Action Plan, higher clarified water use due to temporary suspension of return water from the polishing basin for ash removal, restored in March, and increased potable water use at Q2 RS), and Braskem Idesa (production below the Action Plan and a general maintenance shutdown). In terms of a positive impact, we saw excellent water efficiency in the SP and RJ regional units. Total water consumption was 65.8 million liters. About water stress: It was determined that the Northeast and Southeast regions of Brazil are under water stress. For the quantitative analysis of the volume in an area under water stress, the following assumptions were used: Surface and groundwater used by Braskem. Water acquired from third parties, except water from Aquapolo (ABC Region in SP regional). The acquisition of water from third-party companies was considered because we have not yet mapped 100% of the withdrawal points of the third-party company from which we acquire the water to ensure that they are from safe sources. Underground withdrawal was considered because, in some areas of water stress, the population's supply is also starting to be made with groundwater.

Sheet 305
B1: #VALUE! | F1: Table of Contents | G1: Material topics | H1: Environmental | I1: Economic | J1: Governance | K1: Social | L1: GRI | M1: SASB
C3: GRI 305 | Emissions
A4: Índice | B4: 3
C5: 305-1 Direct (Scope 1) greenhouse gas (GHG) emissions
C7: 305-1a. Total GHG emissions, Scope 1 | H7: 2019 | I7: 2020 | J7: 2021 | K7: 2022 | L7: 2023 | M7: 2024 | N7: 2025
C9: Volume of GHG emissions, Scope 1 (tCO2) | H9: 9750861.9 | I9: 10021191 | J9: 9987076.4 | K9: 10104170 | L9: 9323773.2 | M9: 9208346 | N9: 8826933
C11: 305-1b. Gases included in the calculation | H11: 2019 | I11: 2020 | J11: 2021 | K11: 2022 | L11: 2023 | M11: 2024 | N11: 2025
C13: CO2 , CH4 , N2O, HFCs, PFCs, SF6 , NF3 or all | H13: All | I13: All | J13: All | K13: All | L13: All | M13: All | N13: All
C15: 305-1c. Biogenic emissions | H15: 2019 | I15: 2020 | J15: 2021 | K15: 2022 | L15: 2023 | M15: 2024 | N15: 2025
C17: Volume of biogenic emissions (tCO2) | H17: - | I17: - | J17: - | K17: 972.39544 | L17: 8040.0107 | M17: 4857 | N17: 17.335*
C19: *A significant increase in biogenic emissions can be observed between 2024 and 2025 due to two factors: 1. Braskem began consuming biomethane to generate energy for its operations, and since it is a renewable fuel, the emissions from its combustion are biogenic; 2. Correction in the allocation of certain emission sources from the green ethylene plant, which are biogenic and had previously been classified as fossil.
C21: 305-1d. Base year for calculation
C22: Volume of GHG emissions, Scopes 1 and 2 (tCO2, average of the last 3 years).
C23: Braskem is using the average of 2018, 2019 and 2020 as a reference point for planning its long-term strategy designed for the years 2030 and 2050. This rationale was determined because it takes into account different potential situations of volatility in the petrochemical market, where the production volume can be higher or lower, increasing or reducing the energy efficiency of operations.
C26: 305-1e. Source of emission factors
C27: The main sources of the Inventory's emission factors are: Brazilian GHG Protocol Program (PBGHG); IPCC Guidelines for National Greenhouse Gas Inventories 2006/2029; API, 2009 (API - American Petroleum Institute); and carbon contents measured internally and mass balance.
C29: 305-1f. Consolidation approach
C30: Operational Control.
C32: 305-1g. Standards, methodologies, assumptions, and/or calculation tools used
C33: The inventory follows the guidelines of The Greenhouse Gas (GHG) Protocol – Corporate Accounting and Reporting Standard – Revised Edition from World Resources Institute (WRI) and World Business Council for Sustainable Development (WBCSD) – 2004 Revised Edition and the Specifications of the Brazilian GHG Protocol Program: Accounting, Quantification and Publication of Corporate Inventories of Greenhouse Gas Emissions – Second Edition and is verified by an external third party. The requirements for compiling the report were included.
C35: 305-2 Indirect emissions (Scope 2) of greenhouse gases (GHG) from the purchase of energy
C37: 305-2a. Total GHG emissions, Scope 2 (location-based) | H37: 2019 | I37: 2020 | J37: 2021 | K37: 2022 | L37: 2023 | M37: 2024 | N37: 2025
C39: Volume of GHG emissions, Scope 2 (tCO2)- location-based | H39: 801632 | I39: 762568.93 | J39: 964142.03 | K39: 731735.56 | L39: 819864.12 | M39: 801849.5 | N39: 976315
C41: 305-2b. Total GHG emissions, Scope 2 (market-based) | H41: 2019 | I41: 2020 | J41: 2021 | K41: 2022 | L41: 2023 | M41: 2024 | N41: 2025
C43: Volume of GHG emissions, Scope 2 (tCO2)- market-based | H43: 801632.93 | I43: 765287 | J43: 881088.78 | K43: 607634.06 | L43: 553004.08 | M43: 523529.62 | N43: 611390
C45: 305-2c. Gases included in the calculation | H45: 2019 | I45: 2020 | J45: 2021 | K45: 2022 | L45: 2023 | M45: 2024 | N45: 2025
C47: CO2 , CH4 , N2O, HFCs, PFCs, SF6 , NF3 or all | H47: All | I47: All | J47: All | K47: All | L47: All | M47: All | N47: All
C49: 305-2d. Base year for calculation
C50: Volume of GHG emissions, Scopes 1 and 2 (tCO2, average of the last 3 years).
C51: Braskem is using the average of 2018, 2019 and 2020 as a reference point for planning its long-term strategy designed for the years 2030 and 2050. This rationale was determined because it takes into account different potential situations of volatility in the petrochemical market, where the production volume can be higher or lower, increasing or reducing the energy efficiency of operations.
C54: 305-2e. Source of emission factors
C55: The primary sources of the Inventory's emission factors are: Brazilian GHG Protocol Program (PBGHG); emission factors of national grids; emission factors provided by producers of purchased steam.
C57: 305-2f. Consolidation approach
C58: Operational Control.
C60: 305-2g. Standards, methodologies, assumptions, and/or calculation tools used
C61: The inventory follows the guidelines of The Greenhouse Gas (GHG) Protocol – Corporate Accounting and Reporting Standard – Revised Edition from World Resources Institute (WRI) and World Business Council for Sustainable Development (WBCSD) – 2004 Revised Edition and the Specifications of the Brazilian GHG Protocol Program: Accounting, Quantification and Publication of Corporate Inventories of Greenhouse Gas Emissions – Second Edition and is verified by an external third party. The requirements for compiling the report were included.
C63: 305-3 Other indirect (Scope 3) greenhouse gas (GHG) emissions
C65: 305-3a. Total GHG emissions, Scope 3* | H65: 2019 | I65: 2020 | J65: 2021 | K65: 2022 | L65: 2023 | M65: 2024 | N65: 2025
C66: Volume of GHG emissions, Scope 3 (tCO2) | H66: 26246000 | I66: 21487000 | J66: 30120000 | K66: 27281767 | L66: 27813251 | M66: 25859359 | N66: 23349292
C67: 1. Purchased Goods and Services | H67: - | I67: - | J67: - | K67: 12222292 | L67: 12854726 | M67: 11908766 | N67: 10579666
C68: 2. Capital Goods | H68: - | I68: - | J68: - | K68: 0 | L68: 0 | M68: 0 | N68: 0
C69: 3. Fuel- and energy-related activities (not included in Scope 1 or Scope 2) | H69: - | I69: - | J69: - | K69: 822129.37 | L69: 591725 | M69: 527712 | N69: 377978
C70: 4. Upstream Transportation and Distribution | H70: - | I70: - | J70: - | K70: 758113.86 | L70: 1354471.4 | M70: 1406277 | N70: 1687588
C71: 5. Waste Generated in Operations | H71: - | I71: - | J71: - | K71: 17436.927 | L71: 26134.781 | M71: 38223 | N71: 30502
C72: 6. Business Travel | H72: - | I72: - | J72: - | K72: 3190.9797 | L72: 2202.8209 | M72: 3287 | N72: 1750
C73: 7. Employee Commuting (home-work) | H73: - | I73: - | J73: - | K73: 7199.2696 | L73: 9172.9052 | M73: 5210 | N73: 7461
C74: 8. Upstream Leased Assets (the organization as lessee) | H74: - | I74: - | J74: - | K74: 140.34326 | L74: 129.37681 | M74: 160 | N74: 134
C75: 9. Downstream transportation and distribution | H75: - | I75: - | J75: - | K75: 259381.15 | L75: 237782.99 | M75: 189.444 | N75: 73593
C76: 10. Processing of Sold Products | H76: - | I76: - | J76: - | K76: 6989176 | L76: 6373029.3 | M76: 5.161.768 | N76: 5088594
C77: 11. Use of Sold Products | H77: - | I77: - | J77: - | K77: 4012773.8 | L77: 3745343.5 | M77: 3741160 | N77: 3425234
C78: 12. End-of-Life Treatment of Sold Products | H78: - | I78: - | J78: - | K78: 2104810.2 | L78: 2109961.7 | M78: 2407384 | N78: 1635270
C79: 13. Leased Assets (Organization as Lessor) | H79: - | I79: - | J79: - | K79: - | L79: 0 | M79: 0 | N79: 0
C80: 14. Franchises | H80: - | I80: - | J80: - | K80: - | L80: 0 | M80: 0 | N80: 0
C81: 15. Investments | H81: - | I81: - | J81: - | K81: 85123.161 | L81: 508570.42 | M81: 469969 | N81: 441521
C82: *Reporting by scope 3 category carried out from 2021.
C84: 305-3b. Gases included in the calculation | H84: 2019 | I84: 2020 | J84: 2021 | K84: 2022 | L84: 2023 | M84: 2024 | N84: 2025
C85: CO2, CH4, N2O, HFCs, PFCs, SF6 , NF3 or all | H85: All | I85: All | J85: All | K85: All | L85: All | M85: All | N85: All
C87: 305-3c. Biogenic emissions* | H87: 2019 | I87: 2020 | J87: 2021 | K87: 2022 | L87: 2023 | M87: 2024 | N87: 2025
C88: Volume of biogenic emissions (tCO2) | H88: - | I88: - | J88: - | K88: 229045.88 | L88: 432757.69 | M88: 586353 | N88: 99.753**
C89: *Reporting of biogenic emissions of scope 3 from 2021. ** The reduction in emissions between 2024 and 2025 occurred mainly due to the adoption of new assumptions and improvements in the data accounting process.
C91: 305-3d. Other indirect (Scope 3) GHG emission categories and activities included in the calculation
C92: All included.
C94: 305-3e. Base year for calculation
C95: 2025.
C97: 305-3f. Source of emission factors
C98: The primary sources of the Inventory's emission factors are: Brazilian GHG Protocol Program (PBGHG); IPCC Guidelines for National Greenhouse Gas Inventories 2006/2029; Ecoinvent life cycle factors.
C101: 305-3g. Standards, methodologies, assumptions, and/or calculation tools used
C102: The inventory follows the guidelines of The Greenhouse Gas (GHG) Protocol – The Corporate Value Chain (Scope 3) Standard from World Resources Institute (WRI) and World Business Council for Sustainable Development (WBCSD) and the Specifications of the Brazilian GHG Protocol Program: Accounting, Quantification and Publication of Corporate Greenhouse Gas Emissions Inventories – Second Edition and is verified by an external third party. The requirements for compiling the report were included.
C107: 305-4 GHG emissions intensity
C109: 305-4a. Total GHG emissions | H109: 2019 | I109: 2020 | J109: 2021 | K109: 2022 | L109: 2023 | M109: 2024 | N109: 2025
C110: Volume of GHG emissions (tCO2e, scopes 1 and 2) | H110: 10552495 | I110: 10786478 | J110: 10868165 | K110: 10711804 | L110: 9876777.3 | M110: 9731875.9 | N110: 9.438.323
C111: Intensity of GHG emissions (tCO2e/t, scopes 1 and 2) | H111: 0.62321727 | I111: 0.668 | J111: 0.63706582 | K111: 0.64647187 | L111: 0.62463387 | M111: 0.612 | N111: 0.626
C113: 305-4b. Organization-specific metric | H113: 2019 | I113: 2020 | J113: 2021 | K113: 2022 | L113: 2023 | M113: 2024 | N113: 2025
C114: Production (t) | H114: 16932289 | I114: 16092170 | J114: 17059721 | K114: 16569637 | L114: 15812107 | M114: 15907195 | N114: 15077873
C116: 305-4c. Types of GHG emissions | H116: 2019 | I116: 2020 | J116: 2021 | K116: 2022 | L116: 2023 | M116: 2024 | N116: 2025
C117: Scopes 1, 2 or 3 | H117: Scopes 1 and 2 | I117: Scopes 1 and 2 | J117: Scopes 1 and 2 | K117: Scopes 1 and 2 | L117: Scopes 1 and 2 | M117: Scopes 1 and 2 | N117: Escopos 1 e 2
C119: 305-4d. Gases included in the calculation | H119: 2019 | I119: 2020 | J119: 2021 | K119: 2022 | L119: 2023 | M119: 2024 | N119: 2025
C120: CO2, CH4, N2O, HFCs, PFCs, SF6, NF3 or all | H120: All | I120: All | J120: All | K120: All | L120: All | M120: All | N120: Todos
C121: The requirements for compiling the report were included.
C123: 305-5 Reduction of GHG emissions
C125: 305-5a. Total reduction of GHG emissions
C127: Scope 1: Most of Braskem’s Scope 1 emissions occur at our petrochemical complexes (First Generation), where raw materials (of fossil and/or renewable origin) are transformed into various chemical products. This process is known as cracking and requires high amounts of energy. Therefore, stationary combustion is the largest emission category within this scope, accounting for 98% of Braskem’s total direct emissions in 2025, due to the burning of fossil fuels to generate the energy required for the process. In 2025, there was a 4% reduction in Scope 1 emissions compared to the previous year, primarily in the Stationary Combustion category. Scope 2: Braskem’s Scope 2 consists of emissions from two sources of purchased energy: electricity and steam, which in 2025 accounted for 37% and 63% of the emissions in this scope, respectively. In 2025, there was a 17% increase in emissions under this scope, driven by the increase in steam purchased from Vesta.
C128: [1] Braskem consolidates its Scope 2 emissions by using the Market-based approach.
C130: 305-5b. Gases included in the calculation | H130: 2019 | I130: 2020 | J130: 2021 | K130: 2022 | L130: 2023 | M130: 2024 | N130: 2025
C131: CO2, CH4, N2O, HFCs, PFCs, SF6, NF3 or all | H131: All | I131: All | J131: All | K131: All | L131: All | M131: All | N131: All
C133: 305-5c. Base year for calculation
C134: Braskem is using the average of 2018, 2019 and 2020 as a reference point for planning its long-term strategy designed for the years 2030 and 2050. This rationale was determined because it takes into account different potential situations of volatility in the petrochemical market, where the production volume can be higher or lower, increasing or reducing the energy efficiency of operations.
C136: 305-3d. Scopes in which reductions occurred
C137: Scopes 1, 2 and 3.
C139: 305-3e. Standards, methodologies, assumptions, and/or calculation tools used
C140: The inventory follows the guidelines of The Greenhouse Gas (GHG) Protocol – Corporate Accounting and Reporting Standard – Revised Edition from World Resources Institute (WRI) and World Business Council for Sustainable Development (WBCSD) – 2004 Revised Edition and the Specifications of the Brazilian GHG Protocol Program: Accounting, Quantification and Publication of Corporate Inventories of Greenhouse Gas Emissions – Second Edition and is verified by an external third party. The requirements for compilation of the report were fulfilled.
C142: 305-6 Emissions of ozone-depleting substances (ODS)
C144: 305-6a. Production, imports and exports of ODSs in metric tons of CFC-11 (t) | H144: 2019 | I144: 2020 | J144: 2021 | K144: 2022 | L144: 2023 | M144: 2024 | N144: 2025
C145: Refrigerant gas consumption | H145: 2.6 | I145: 2.94 | J145: 3.62 | K145: 2.78 | L145: 3.6198449 | M145: 2.66 | N145: 2.2
C147: 305-6b. Substances included in the calculation
C148: Substances included in the calculation: HCFC - 141b, HCFC-22, HCFC - 125, HFC-134a, HFC-32, R132, R404A, R407C, R410A, R438A.
C150: 305-6c. Source of the emission factors used
C151: Montreal Protocol.
C153: 305-6d. Standards, methodologies, assumptions, and/or calculation tools used
C154: Braskem does not produce or sell these refrigerant gases. Braskem does not produce any ODS. The reported amounts are related to the quantity purchased for consumption within the reporting period. ODS consumption = Volume of refrigerant gas consumed x ODP conversion factor (Ozone Depletion Potential). The consumption quantity is retrieved through consumption reports from SAP to determine the consumption of all refrigerant gases used by each logistics center during the year 2025. The data obtained is processed and consolidated in kg.
...

Sheet 306
B1: #VALUE! | F1: Table of Contents | G1: Material topics | H1: Environmental | I1: Economic | J1: Governance | K1: Social | L1: GRI | M1: SASB
C3: GRI 306 | Waste
A4: Índice | B4: 3
C5: 306-1 Waste generation and significant waste-related impacts
C7: 306-1a. Inputs, activities, and outputs that lead or may lead to these impacts
C8: Waste at Braskem is monitored in its generation and disposal, categorized as hazardous and non-hazardous waste. The waste considered is that generated within its units or in places under its management. Waste generated by third parties in the provision of services to Braskem is its responsibility, and this obligation is recorded in a contract. The Solid and Semi-Solid Waste Management system at Braskem was established to ensure the homogenization of procedures, practices, and application of tools related to Waste Management, including inventory survey, characterization and its classification of form. In order to comply with the applicable legal requirements and best practices, Braskem is committed to following the priority order for waste management: 1. Non-generation; 2. Reduction; 3. Reuse; 4. Waste treatment; 5. Environmentally sound final disposal of tailings. Compliance with the order seeks to reduce waste treatment costs; achieve increasing eco-efficiency rates (Benchmark); and prevent environmental liabilities. Quantitative data on waste generation are monitored and evaluated monthly through registration in the internal system (BPC). The Corporate HSE team consolidates the data from all industrial units into a unified Braskem data, which is monitored monthly and reported in an internal report. For quantitative data, there are monthly and annual metals, which are monitored by the leaders.
C10: 306-2 Management of significant waste-related impacts
C12: 306-2a. Actions, including circularity measures, taken to prevent waste generation in the organization’s own activities and upstream and downstream in its value chain, and to manage significant impacts from waste generated 306-2b. If the waste generated by the organization in its own activities is managed by a third party, a description of the processes used to determine whether the third party manages the waste in line with contractual or legislative obligations 306-2c. The processes used to collect and monitor waste-related data
C13: All Braskem business units must manage waste from origin to final disposal in accordance with applicable legal requirements and Braskem's risk reduction requirements as follows: Storage or industrial sites are required to maintain a hazardous and non-hazardous waste environment. Inventory is made to facilitate improvement processes and support external/internal reporting requirements — this inventory must contain, at a minimum: Sources of waste; Quantities generated; Destination and method of disposal; and Quantities of disposal. Facilities where waste is handled or stored need to have effective safeguards in place to prevent negative environmental impacts. Transport and Destination: The country and/or business units must ensure that companies that handle, transport, store and/or treat waste are periodically evaluated and approved in accordance with legal or technical requirements. Country and/or business units must establish procedures for handling, transporting, storing and/or treating waste. In Brazil, the Solid Waste Management Plans (PGRS) of the Industrial Units comply with the provisions of the National Policy for Solid Waste Management – Law 12.305/2010 and are all duly complied with. The PGRS are submitted to the environmental agency, as provided for in the legislation. The industrial units have several initiatives that are part of the usual procedures of each industrial process. Some of the measures taken include: - Reverse logistics of packaging of the inputs used in the processes themselves; - Internal reuse of waste; - Sale of waste as raw material for other processes; - Circular economy: sending plastic scrap to Wenew (the company's new circularity ecosystem); - Educational campaigns, such as Environment Week; - Selective collection (segregation and correct disposal); - Efforts to find treatment alternatives to reduce waste sent to landfills. In addition, activities with significant potential generation of waste, carried out by third parties, are monitored and directed by Braskem professionals, ensuring that impacts are properly controlled.
C16: 306-3 Waste generated
C18: 306-3a. Total weight of waste generated in metric tons, and a breakdown of this total by composition of the waste | K18: 2022 | L18: 2023 | M18: 2024 | N18: 2025
C19: Industrial total (t) | K19: =SUM(K20:K21) -> 50390.532 | L19: 50815.6 | M19: =43838679.4730026/1000 -> 43838.679 | N19: =45501260/1000 -> 45501.26
C20: Hazardous | K20: 23484.086 | L20: 21802.404 | M20: =21603587.2233354/1000 -> 21603.587 | N20: =21082988/1000 -> 21082.988
C21: Non-hazardous | K21: 26906.446 | L21: 29013.196 | M21: =22235092.2496672/1000 -> 22235.092 | N21: =24418272/1000 -> 24418.272
C23: Total remediation (t) | K23: - | L23: =SUM(L24:L25) -> 5275.0095 | M23: =1341788.4600685/1000 -> 1341.7885 | N23: =1277397/1000 -> 1277.397
C24: Hazardous | K24: - | L24: 4045.5885 | M24: =375432.4600258/1000 -> 375.43246 | N24: =691184/1000 -> 691.184
C25: Non-hazardous | K25: - | L25: 1229.421 | M25: =966446.0000427/1000 -> 966.446 | N25: =586213/1000 -> 586.213
C27: 306-3b. Contextual information necessary to understand the data and how the data has been compiled. Gases included in the calculation
C29: In 2025, Braskem’s waste generation eco-indicator reached 3.27 kg/t, 17.7% below the annual target of 3.97 kg/t but 13.4% higher than the prior year’s level of 2.88 kg/t. This result was negatively influenced by production below the Action Plan, notably in Rio de Janeiro regional (increased waste generation due to the planning and execution of the Planned Maintenance Event, equipment cleaning, soil investigation, and effluent treatment waste at Q4 DCX), Bahia regional (increased waste generation due to maintenance interventions at PE-1, PE-3, and Q1, effluent basin cleaning at the PVC unit, and commissioning of the Marathon Project at PE-3), and Braskem Idesa (General Maintenance Shutdown).
C31: 306-4 Waste diverted from disposal
C33: 306-4a. Total weight of waste diverted from disposal in metric tons, and a breakdown of this total by composition of the waste | K33: 2022 | L33: 2023 | M33: 2024 | N33: 2025
C34: Total (t) | K34: 32441.097 | L34: =SUM(L35:L36) -> 34563.943 | M34: =SUM(M35:M36) -> 25614.419 | N34: 24202.712
C35: Hazardous | K35: 15179.569 | L35: 18313.495 | M35: 13275.641 | N35: 10215.876
C36: Non-hazardous | K36: 17261.528 | L36: 16250.448 | M36: 12338.779 | N36: 13986.835
C38: 306-4b. Total weight of hazardous waste not intended for disposal in metric tons and a breakdown of this total by the following recovery operations | K38: 2022 | L38: 2023 | M38: 2024 | N38: 2025
C39: Total (t) | K39: =SUM(K40:K42) -> 14972.55 | L39: =SUM(L40:L42) -> 18313.495 | M39: 13276 | N39: 10215.876
C40: Preparation for reuse | K40: - | L40: 157.28906 | M40: 499 | N40: 306
C41: Recycling | K41: 2224.484 | L41: 835.30631 | M41: 560 | N41: 739.1335
C42: Other recovery operations | K42: 12748.066 | L42: 17320.9 | M42: 12217 | N42: 9171
C44: 306-4c. Total weight of non-hazardous waste diverted from disposal in metric tons, and a breakdown of this total by the following recovery operations | K44: 2022 | L44: 2023 | M44: 2024 | N44: 2025
C45: Total (t) | K45: =SUM(K46:K48) -> 17261.528 | L45: =SUM(L46:L48) -> 16250.448 | M45: =SUM(M46:M48) -> 12338 | N45: 13986.835
C46: Preparation for reuse | K46: 399.8 | L46: 613.9544 | M46: 936 | N46: 186
C47: Recycling | K47: 11254.081 | L47: 8628.1659 | M47: 6147 | N47: 6673.4138
C48: Other recovery operations | K48: 5607.6475 | L48: 7008.3275 | M48: 5255 | N48: 7128
C50: 306-4d. For each recovery operation listed in Disclosures 306-4-b and 306-4-c, a breakdown of the total weight in metric tons of hazardous waste and of non-hazardous waste diverted from disposal | K50: 2022 | L50: 2023 | M50: 2024 | N50: 2025
C52: Within the organization | K52: 1249.7372 | L52: =SUM(L53,L58) -> 1357.9261 | M52: =SUM(M58,M53) -> 1800 | N52: 547.76427
C53: Total Hazardous (t) | K53: 547.517 | L53: =SUM(L54:L56) -> 714.3857 | M53: =SUM(M54:M56) -> 829 | N53: 328.34196
C54: Preparation for reuse | K54: 0 | L54: 157.28906 | M54: 499 | N54: 306
C55: Recycling | K55: 0 | L55: 0 | M55: 0 | N55: 0
C56: Other recovery operations | K56: 547.517 | L56: 557.09664 | M56: 330 | N56: 22
C58: Total Non-Hazardous (t) | K58: 702.22022 | L58: =SUM(L59:L61) -> 643.5404 | M58: =SUM(M59:M61) -> 971 | N58: 219.42231
C59: Preparation for reuse | K59: 24.764 | L59: 613.9544 | M59: 936 | N59: 186
C60: Recycling | K60: 0 | L60: 0 | M60: 0 | N60: 0
C61: Other recovery operations | K61: 677.45622 | L61: 29.586 | M61: 35 | N61: 34
C63: Outside the organization | K63: 31191.36 | L63: =SUM(L64,L69) -> 33206.017 | M63: =SUM(M64,M69) -> 23815 | N63: 23654.947
C64: Total Hazardous (t) | K64: 16714.011 | L64: =SUM(L65:L67) -> 17599.109 | M64: =SUM(M65:M67) -> 12447 | N64: 9887.5345
C65: Preparation for reuse | K65: 399.8 | L65: 2e-10 | M65: 0 | N65: 0
C66: Recycling | K66: 11254.081 | L66: 835.30631 | M66: 560 | N66: 739.1335
C67: Other recovery operations | K67: 5060.1305 | L67: 16763.803 | M67: 11887 | N67: 9148
C69: Total Non-Hazardous (t) | K69: 14477.349 | L69: =SUM(L70:L72) -> 15606.907 | M69: =SUM(M70:M72) -> 11368 | N69: 13767.413
C70: Preparation for reuse | K70: 182.255 | L70: 2e-10 | M70: 0 | N70: 0
C71: Recycling | K71: 2224.484 | L71: 8628.1659 | M71: 6147 | N71: 6673.4138
C72: Other recovery operations | K72: 12070.61 | L72: 6978.7415 | M72: 5221 | N72: 7094
C74: 306-4e. Contextual information necessary to understand the data and how the data has been compiled
C75: Follow the HSE Indicators Guidebook (published on the Intelius Portal).
C77: 306-5 Waste directed to disposal
C79: 306-5a. Total weight of waste diverted from disposal in metric tons, and a breakdown of this total by composition of the waste | K79: 2022 | L79: 2023 | M79: 2024 | N79: 2025
C80: Total (t) | K80: 17331.933 | L80: =SUM(L81:L82) -> 19824.685 | M80: =SUM(M81:M82) -> 17383.08 | N80: 19223.904
C81: Hazardous | K81: 8973.5598 | L81: 7676.8068 | M81: 7654.3624 | N81: 11924.826
C82: Non-hazardous | K82: 8358.3736 | L82: 12147.878 | M82: 9728.7177 | N82: 7299.0774
C84: 306-5b. Total weight of hazardous waste directed to disposal in metric tons, and a breakdown of this total by the following disposal operations | K84: 2022 | L84: 2023 | M84: 2024 | N84: 2025
C85: Total (t) | K85: =SUM(K86:K89) -> 8973.5598 | L85: =SUM(L86:L89) -> 7676.8068 | M85: =SUM(M86:M89) -> 7654 | N85: =SUM(N86:N89) -> 11924.826
C86: Incineration (with energy recovery) | K86: - | L86: - | M86: - | N86: 0
C87: Incineration (without energy recovery) | K87: 6872.8472 | L87: 6428.3048 | M87: 6344 | N87: 6862.0473
C88: Landfill | K88: 886.7365 | L88: 76.2985 | M88: 164 | N88: 75.302
C89: Other disposal operations | K89: 1213.9761 | L89: 1172.2035 | M89: 1146 | N89: 4987.4768
C91: 306-5c. Total weight of non-hazardous waste directed to disposal in metric tons, and a breakdown of this total by the following disposal operations | K91: 2022 | L91: 2023 | M91: 2024 | N91: 2025
C92: Total (t) | K92: =SUM(K93:K96) -> 8358.3736 | L92: =SUM(L93:L96) -> 12147.878 | M92: =SUM(M93:M96) -> 9729 | N92: =SUM(N93:N96) -> 7298.9574
C93: Incineration (with energy recovery) | K93: - | L93: - | M93: - | N93: -
C94: Incineration (without energy recovery) | K94: 40.041 | L94: 33.438846 | M94: - | N94: -
C95: Landfill | K95: 7691.324 | L95: 10987.13 | M95: 8475 | N95: 5911.1478
C96: Other disposal operations | K96: 627.0086 | L96: 1127.31 | M96: 1254 | N96: 1387.8097
C98: 306-5d. For each disposal operation listed in Disclosures 306-5b and 306-5c, a breakdown of the total weight in metric tons of hazardous waste and of non-hazardous waste directed to disposal | K98: 2022 | L98: 2023 | M98: 2024 | N98: 2025
C100: Within the organization | K100: - | L100: - | M100: - | N100: -
C101: Total Hazardous (t) | K101: - | L101: - | M101: - | N101: -
C102: Incineration (with energy recovery) | K102: - | L102: - | M102: - | N102: -
C103: Incineration (without energy recovery) | K103: - | L103: - | M103: - | N103: -
C104: Landfill | K104: - | L104: - | M104: - | N104: -
C105: Other disposal operations | K105: - | L105: - | M105: - | N105: -
C107: Total Non-Hazardous (t) | K107: - | L107: - | M107: - | N107: -
C108: Incineration (with energy recovery) | K108: - | L108: - | M108: - | N108: -
C109: Incineration (without energy recovery) | K109: - | L109: - | M109: - | N109: -
C110: Landfill | K110: - | L110: - | M110: - | N110: -
C111: Other disposal operations | K111: - | L111: - | M111: - | N111: -
C113: Outside the organization | K113: =SUM(K114,K120) -> 17331.933 | L113: =SUM(L114,L120) -> 19824.685 | M113: =SUM(M114,M120) -> 17383 | N113: =SUM(N114,N120) -> 19223.784
C114: Total Hazardous (t) | K114: =SUM(K115:K118) -> 8973.5598 | L114: =SUM(L115:L118) -> 7676.8068 | M114: =SUM(M115:M118) -> 7654 | N114: =SUM(N115:N118) -> 11924.826
C115: Incineration (with energy recovery) | K115: - | L115: - | M115: - | N115: 0
C116: Incineration (without energy recovery) | K116: 6872.8472 | L116: 6428.3048 | M116: 6344 | N116: 6862.0473
C117: Landfill | K117: 886.7365 | L117: 76.2985 | M117: 164 | N117: 75.302
C118: Other disposal operations | K118: 1213.9761 | L118: 1172.2035 | M118: 1146 | N118: 4987.4768
C120: Total Non-Hazardous (t) | K120: =SUM(K121:K124) -> 8358.3736 | L120: =SUM(L121:L124) -> 12147.878 | M120: =SUM(M122:M124) -> 9729 | N120: =SUM(N122:N124) -> 7298.9574
C121: Incineration (with energy recovery) | K121: - | L121: - | M121: - | N121: 0
C122: Incineration (without energy recovery) | K122: 40.041 | L122: 33.438846 | M122: 0 | N122: 0
C123: Landfill | K123: 7691.324 | L123: 10987.13 | M123: 8475 | N123: 5911.1478
C124: Other disposal operations | K124: 627.0086 | L124: 1127.31 | M124: 1254 | N124: 1387.8097
C126: 306-4e. Contextual information necessary to understand the data and how the data has been compiled
C127: Follow the HSE Indicators Guidebook (published on the Intelius Portal).

Sheet 308
B1: #VALUE! | F1: Table of Contents | G1: Material topics | H1: Environmental | I1: Economic | J1: Governance | K1: Social | L1: GRI | M1: SASB
C3: GRI 308 | Supplier Environmental Assessment
A4: Índice | B4: 3
C5: 308-1 New suppliers that were screened using environmental criteria
C7: 308-1a. Percentage of new suppliers that were screened based on environmental criteria
C8: In 2021, we adjusted the assumptions for this indicator, which is still in the same format in 2025. The socio-environmental evaluation covers 100% of the new suppliers hired, since every new supplier is evaluated in a standard flow of entry into the company, which includes an analysis of socio-environmental aspects. This analysis takes place as follows: (i) in the registration, in which the mapping of previous media on environmental and social controversies is carried out; and (ii) in the due diligence, applied according to the degree of risk of the new partner, which carries out the survey of socio-environmental impacts that may have been caused by the supplier in its activities. In addition, every new supplier agrees to Braskem's Code of Conduct for Third Parties, which includes expected conduct in relation to socio-environmental aspects. To bolster the strategic oversight of critical suppliers, we maintained active engagement with our value chain via the EcoVadis platform throughout 2025, successfully increasing the total number of assessed suppliers to around 710. We also have 116 companies evaluated on the CDP Supply Chain platform. These are the suppliers with the highest climate and water risks according to our analyses. For 2025, we had 1,460 new suppliers (compared to 2024), which represents 22.1% of total 2025 Suppliers.
C10: 308-2 Negative environmental impacts in the supply chain and actions taken
C12: 308-2a. Number of suppliers assessed for environmental impacts
C13: 116 suppliers assessed in the CDP Supply Chain program. 710 suppliers assessed in the Ecovadis program. Both programs include critical and active suppliers.
C15: 308-2b. Number of suppliers identified as having significant actual and potential negative environmental impacts
C16: In our tools and processes used to evaluate Suppliers, no Suppliers causing environmental impacts were identified.
C18: 308-2c. Significant actual and potential negative environmental impacts identified in the supply chain
C19: In our tools and processes used to evaluate Suppliers, no Suppliers causing environmental impacts were identified.
C21: 308-2d. Percentage of suppliers identified as having actual and potential negative environmental impacts with which improvements were agreed as a result of the evaluation carried out
C22: In our tools and processes used to evaluate Suppliers, no Suppliers causing environmental impacts were identified.
... C25: In our tools and processes used to evaluate Suppliers, no Suppliers causing environmental impacts were identified.

Sheet 401
B1: #VALUE! | F1: Table of Contents | G1: Material topics | H1: Environmental | I1: Economic | J1: Governance | K1: Social | L1: GRI | M1: SASB
C3: GRI 401 | Employment
A4: Índice | B4: 3
C5: 401-1 New employee hires and employee turnover
C7: 401-1a. Total number and rate of new employee hires during the reporting period, by age group, gender and region | H7: 2019 | I7: 2020 | J7: 2021 | K7: 2022 | L7: 2023 | M7: 2024 | N7: 2025
C9: Total number of hires (Global) | H9: 621 | I9: 499 | J9: 812 | K9: 919 | L9: =L10+L15 -> 568 | M9: 492 | N9: =N10+N15 -> 747
C10: Men | H10: 404 | I10: 267 | J10: 523 | K10: 584 | L10: =SUM(L11:L13) -> 355 | M10: 317 | N10: =SUM(N11:N13) -> 498
C11: <= 30 years old | H11: 180 | I11: 267 | J11: 217 | K11: 242 | L11: 137 | M11: 140 | N11: 193
C12: 31-50 years old | H12: 192 | I12: 0 | J12: 284 | K12: 305 | L12: 200 | M12: 151 | N12: 267
C13: >= 50 years old | H13: 32 | I13: 0 | J13: 22 | K13: 37 | L13: 18 | M13: 26 | N13: 38
C15: Women | H15: 217 | I15: 232 | J15: 289 | K15: 335 | L15: =SUM(L16:L18) -> 213 | M15: 175 | N15: =SUM(N16:N18) -> 249
C16: <= 30 years old | H16: 111 | I16: 229 | J16: 160 | K16: 168 | L16: 106 | M16: 92 | N16: 150
C17: 31-50 years old | H17: 100 | I17: 3 | J17: 124 | K17: 162 | L17: 102 | M17: 75 | N17: 95
C18: >= 50 years old | H18: 6 | I18: 0 | J18: 5 | K18: 5 | L18: 5 | M18: 8 | N18: 4
C20: Total number of hires (Brazil) | H20: 370 | I20: 331 | J20: 528 | K20: 603 | L20: =L21+L26 -> 350 | M20: 316 | N20: =N21+N26 -> 590
C21: Men | H21: 229 | I21: 164 | J21: 305 | K21: 378 | L21: =SUM(L22:L24) -> 221 | M21: 203 | N21: =SUM(N22:N24) -> 390
C22: <= 30 years old | H22: 122 | I22: 164 | J22: 134 | K22: 158 | L22: 94 | M22: 92 | N22: 155
C23: 31-50 years old | H23: 98 | I23: 0 | J23: 161 | K23: 205 | L23: 120 | M23: 97 | N23: 205
C24: >= 50 years old | H24: 9 | I24: 0 | J24: 10 | K24: 15 | L24: 7 | M24: 14 | N24: 30
C26: Women | H26: 141 | I26: 167 | J26: 223 | K26: 225 | L26: =SUM(L27:L29) -> 129 | M26: 113 | N26: =SUM(N27:N29) -> 200
C27: <= 30 years old | H27: 78 | I27: 165 | J27: 123 | K27: 116 | L27: 70 | M27: 67 | N27: 128
C28: 31-50 years old | H28: 60 | I28: 2 | J28: 97 | K28: 104 | L28: 56 | M28: 42 | N28: 70
C29: >= 50 years old | H29: 3 | I29: 0 | J29: 3 | K29: 5 | L29: 3 | M29: 4 | N29: 2
C31: Total number of hires (United States) | H31: 106 | I31: 53 | J31: 61 | K31: 146 | L31: =L32+L37 -> 62 | M31: 75 | N31: =N32+N37 -> 56
C32: Men | H32: 75 | I32: 40 | J32: 43 | K32: 103 | L32: =SUM(L33:L35) -> 48 | M32: 50 | N32: =SUM(N33:N35) -> 47
C33: <= 30 years old | H33: 21 | I33: 40 | J33: 20 | K33: 43 | L33: 12 | M33: 21 | N33: 16
C34: 31-50 years old | H34: 37 | I34: 0 | J34: 23 | K34: 47 | L34: 28 | M34: 25 | N34: 27
C35: >= 50 years old | H35: 17 | I35: 0 | J35: 0 | K35: 13 | L35: 8 | M35: 4 | N35: 4
C37: Women | H37: 31 | I37: 13 | J37: 18 | K37: 43 | L37: =SUM(L38:L40) -> 14 | M37: 25 | N37: =SUM(N38:N40) -> 9
C38: <= 30 years old | H38: 13 | I38: 13 | J38: 6 | K38: 18 | L38: 5 | M38: 8 | N38: 4
C39: 31-50 years old | H39: 17 | I39: 0 | J39: 10 | K39: 25 | L39: 7 | M39: 13 | N39: 5
C40: >= 50 years old | H40: 1 | I40: 0 | J40: 2 | K40: - | L40: 2 | M40: 4 | N40: 0
C42: Total number of hires (Germany) | H42: 39 | I42: 13 | J42: 16 | K42: 21 | L42: =L43+L48 -> 25 | M42: 17 | N42: =N43+N48 -> 10
C43: Men | H43: 25 | I43: 9 | J43: 13 | K43: 16 | L43: =SUM(L44:L46) -> 20 | M43: 14 | N43: =SUM(N44:N46) -> 6
C44: <= 30 years old | H44: 6 | I44: 9 | J44: 2 | K44: 6 | L44: 8 | M44: 8 | N44: 2
C45: 31-50 years old | H45: 15 | I45: 0 | J45: 10 | K45: 8 | L45: 12 | M45: 6 | N45: 3
C46: >= 50 years old | H46: 4 | I46: 0 | J46: 1 | K46: 2 | L46: 0 | M46: 0 | N46: 1
C48: Women | H48: 14 | I48: 4 | J48: 3 | K48: 5 | L48: =SUM(L49:L51) -> 5 | M48: 3 | N48: =SUM(N49:N51) -> 4
C49: <= 30 years old | H49: 3 | I49: 4 | J49: 1 | K49: 1 | L49: 1 | M49: 1 | N49: 1
C50: 31-50 years old | H50: 10 | I50: 0 | J50: 2 | K50: 4 | L50: 4 | M50: 2 | N50: 3
C51: >= 50 years old | H51: 1 | I51: 0 | J51: 0 | K51: 0 | L51: 0 | M51: 0 | N51: 0
C53: Total number of hires (Mexico) | H53: 83 | I53: 43 | J53: 174 | K53: 94 | L53: =L54+L59 -> 64 | M53: 54 | N53: =N54+N59 -> 53
C54: Men | H54: 63 | I54: 30 | J54: 146 | K54: 58 | L54: =SUM(L55:L57) -> 42 | M54: 35 | N54: =SUM(N55:N57) -> 36
C55: <= 30 years old | H55: 30 | I55: 30 | J55: 54 | K55: 27 | L55: 18 | M55: 16 | N55: 13
C56: 31-50 years old | H56: 31 | I56: 0 | J56: 81 | K56: 28 | L56: 22 | M56: 14 | N56: 21
C57: >= 50 years old | H57: 2 | I57: 0 | J57: 11 | K57: 3 | L57: 2 | M57: 5 | N57: 2
C59: Women | H59: 20 | I59: 13 | J59: 28 | K59: 36 | L59: =SUM(L60:L62) -> 22 | M59: 19 | N59: =SUM(N60:N62) -> 17
C60: <= 30 years old | H60: 13 | I60: 13 | J60: 22 | K60: 25 | L60: 14 | M60: 10 | N60: 12
C61: 31-50 years old | H61: 7 | I61: 0 | J61: 6 | K61: 11 | L61: 8 | M61: 9 | N61: 5
C62: >= 50 years old | H62: 0 | I62: 0 | J62: 0 | K62: 0 | L62: 0 | M62: 0 | N62: 0
C64: Total number of hires (Netherlands) | H64: 19 | I64: 56 | J64: 30 | K64: 48 | L64: =L65+L70 -> 57 | M64: 30 | N64: =N65+N70 -> 37
C65: Men | H65: 9 | I65: 23 | J65: 14 | K65: 26 | L65: =SUM(L66:L68) -> 20 | M65: 15 | N65: =SUM(N66:N68) -> 18
C66: <= 30 years old | H66: 1 | I66: 23 | J66: 7 | K66: 7 | L66: 5 | M66: 3 | N66: 6
C67: 31-50 years old | H67: 8 | I67: 0 | J67: 7 | K67: 15 | L67: 14 | M67: 9 | N67: 11
C68: >= 50 years old | H68: 0 | I68: 0 | J68: 0 | K68: 4 | L68: 1 | M68: 3 | N68: 1
C70: Women | H70: 10 | I70: 33 | J70: 16 | K70: 22 | L70: =SUM(L71:L73) -> 37 | M70: 15 | N70: =SUM(N71:N73) -> 19
C71: <= 30 years old | H71: 3 | I71: 32 | J71: 8 | K71: 6 | L71: 13 | M71: 6 | N71: 5
C72: 31-50 years old | H72: 6 | I72: 1 | J72: 8 | K72: 16 | L72: 24 | M72: 9 | N72: 12
C73: >= 50 years old | H73: 1 | I73: 0 | J73: 0 | K73: 0 | L73: 0 | M73: 0 | N73: 2
C75: Total number of hires (Other countries) | H75: 4 | I75: 3 | J75: 3 | K75: 7 | L75: =L76+L81 -> 10 | M75: 0 | N75: =N76+N81 -> 1
C76: Men | H76: 3 | I76: 1 | J76: 2 | K76: 3 | L76: =SUM(L77:L79) -> 4 | M76: 0 | N76: =SUM(N77:N79) -> 1
C77: <= 30 years old | H77: 0 | I77: 1 | J77: 0 | K77: 1 | L77: 0 | M77: 0 | N77: 1
C78: 31-50 years old | H78: 3 | I78: 0 | J78: 2 | K78: 2 | L78: 4 | M78: 0 | N78: 0
C79: >= 50 years old | H79: 0 | I79: 0 | J79: 0 | K79: 0 | L79: 0 | M79: 0 | N79: 0
C81: Women | H81: 1 | I81: 2 | J81: 1 | K81: 4 | L81: =SUM(L82:L84) -> 6 | M81: 0 | N81: =SUM(N82:N84) -> 0
C82: <= 30 years old | H82: 1 | I82: 2 | J82: 0 | K82: 2 | L82: 3 | M82: 0 | N82: 0
C83: 31-50 years old | H83: 0 | I83: 0 | J83: 1 | K83: 2 | L83: 3 | M83: 0 | N83: 0
C84: >= 50 years old | H84: 0 | I84: 0 | J84: 0 | K84: 0 | L84: 0 | M84: 0 | N84: 0
C86: Hiring rate (Global) | H86: 0.077833753 | I86: 0.062429626 | J86: 0.096847931 | K86: 0.10602215 | L86: 0.066285448 | M86: 0.058697208 | N86: 0.089213204
C87: Men | H87: 0.065512171 | I87: 0.043792029 | J87: 0.082705562 | K87: 0.090838389 | L87: 0.056286666 | M87: 0.051477753 | N87: 0.081189475
C88: <= 30 years old | H88: - | I88: - | J88: - | K88: 0.27912341 | L88: 0.17885117 | M88: 0.21212121 | N88: 0.29710591
C89: 31-50 years old | H89: - | I89: - | J89: - | K89: 0.076345432 | L89: 0.050709939 | M89: 0.038787567 | N89: 0.0712
C90: >= 50 years old | H90: - | I90: - | J90: - | K90: 0.023611997 | L90: 0.011271133 | M90: 0.016199377 | N90: 0.021912121
C92: Women | H92: 0.11929632 | I92: 0.12236287 | J92: 0.13941148 | K92: 0.14962037 | L92: 0.094164456 | M92: 0.07868705 | N92: 0.11127
C93: <= 30 years old | H93: - | I93: - | J93: - | K93: 0.29422067 | L93: 0.2074364 | M93: 0.20043573 | N93: 0.33377837
C94: 31-50 years old | H94: - | I94: - | J94: - | K94: 0.10828877 | L94: 0.065510597 | M94: 0.048015365 | N94: 0.061696324
C95: >= 50 years old | H95: - | I95: - | J95: - | K95: 0.029069767 | L95: 0.025773196 | M95: 0.039408867 | N95: 0.016090105
C97: Hiring rate (Brazil) | H97: 0.061157025 | I97: 0.054369251 | J97: 0.084103218 | K97: 0.092869244 | L97: 0.054525627 | M97: 0.050230488 | N97: 0.093379548
C98: Men | H98: 0.065512171 | I98: 0.043792029 | J98: 0.082705562 | K98: 0.090838389 | L98: 0.046693429 | M98: 0.043844492 | N98: 0.0842369
C99: <= 30 years old | H99: - | I99: - | J99: - | K99: 0.26825127 | L99: 0.17938931 | M99: 0.1991342 | N99: 0.33754355
C100: 31-50 years old | H100: - | I100: - | J100: - | K100: 0.066884176 | L100: 0.039669421 | M100: 0.032814614 | N100: 0.072213611
C101: >= 50 years old | H101: - | I101: - | J101: - | K101: 0.012942192 | L101: 0.0059121622 | M101: 0.011551155 | N101: 0.022525905
C103: Women | H103: 0.11929632 | I103: 0.12236287 | J103: 0.13941148 | K103: 0.13392857 | L103: 0.076512456 | M103: 0.068031306 | N103: 0.11852554
C104: <= 30 years old | H104: - | I104: - | J104: - | K104: 0.27423168 | L104: 0.18567639 | M104: 0.1942029 | N104: 0.3652968
C105: 31-50 years old | H105: - | I105: - | J105: - | K105: 0.089810017 | L105: 0.046940486 | M105: 0.035264484 | N105: 0.059721867
C106: >= 50 years old | H106: - | I106: - | J106: - | K106: 0.050505051 | L106: 0.025862069 | M106: 0.032 | N106: 0.012128563
C108: Hiring rate (United States) | H108: 0.13856209 | I108: 0.069371728 | J108: 0.080474934 | K108: 0.17569194 | L108: 0.075887393 | M108: 0.091911765 | N108: 0.070017504
C109: Men | H109: 0.12116317 | I109: 0.06504065 | J109: 0.071786311 | K109: 0.16043614 | L109: 0.076555024 | M109: 0.080385852 | N109: 0.07683505
C110: <= 30 years old | H110: - | I110: - | J110: - | K110: 0.40566038 | L110: 0.13043478 | M110: 0.25925926 | N110: 0.20539153
C111: 31-50 years old | H111: - | I111: - | J111: - | K111: 0.16491228 | L111: 0.097902098 | M111: 0.082781457 | N111: 0.093039283
C112: >= 50 years old | H112: - | I112: - | J112: - | K112: 0.051792829 | L112: 0.032128514 | M112: 0.016736402 | N112: 0.016420361
C114: Women | H114: 0.21232877 | I114: 0.087248322 | J114: 0.11320755 | K114: 0.22751323 | L114: 0.073684211 | M114: 0.12886598 | N114: 0.047923323
C115: <= 30 years old | H115: - | I115: - | J115: - | K115: 0.46153846 | L115: 0.16666667 | M115: 0.2962963 | N115: 0.16260163
C116: 31-50 years old | H116: - | I116: - | J116: - | K116: 0.25 | L116: 0.064220183 | M116: 0.11111111 | N116: 0.045248869
C117: >= 50 years old | H117: - | I117: - | J117: - | K117: 0 | L117: 0.039215686 | M117: 0.08 | N117: 0
C119: Hiring rate (Germany) | H119: 0.19897959 | I119: 0.086092715 | J119: 0.10322581 | K119: 0.125 | L119: 0.14044944 | M119: 0.094444444 | N119: 0.057670127
C120: Men | H120: 0.20833333 | I120: 0.08411215 | J120: 0.11818182 | K120: 0.13675214 | L120: 0.15873016 | M120: 0.10769231 | N120: 0.048465267
C121: <= 30 years old | H121: - | I121: - | J121: - | K121: 0.4 | L121: 0.38095238 | M121: 0.33333333 | N121: 0.082987552
C122: 31-50 years old | H122: - | I122: - | J122: - | K122: 0.12903226 | L122: 0.19047619 | M122: 0.088235294 | N122: 0.045385779
C123: >= 50 years old | H123: - | I123: - | J123: - | K123: 0.05 | L123: 0 | M123: 0 | N123: 0.029761905
...

Sheet 402
B1: #VALUE! | F1: Table of Contents | G1: Material topics | H1: Environmental | I1: Economic | J1: Governance | K1: Social | L1: GRI | M1: SASB
C3: GRI 402 | Labor/Management Relations
A4: Índice | B4: 3
C5: 402-1 Minimum notice periods for operational changes
C7: 402-1a. Minimum number of weeks’ notice typically provided to employees and their representatives prior to the implementation of significant operational changes that could substantially affect them
C8: Collective bargaining agreements are of a public nature and are registered and filed with the Labor Relations Secretariat (Ministry of Labor and Employment), where they can be accessed by interested parties. There is no minimum deadline for notification or disclosure. The Company's standard procedure is to communicate, to employees, the information about the collective labor agreements/conventions immediately after they are signed. In addition, at Braskem, all collective bargaining agreements and conventions are also made available on the WorkVivo (an in-house portal for employees with various information related to the Company), providing any employee with immediate access to all information on the negotiations signed by the Company, the Employers' Union and the Labor Unions. Each year, the ongoing goal is to renew the existing Collective Labor Agreements that are due to expire throughout the year. This process aims to balance the Company's objectives with the needs of its members while maintaining respectful relationships with their legal representatives.
C11: 402-1b. For organizations with collective bargaining agreements, report whether the notice period and provisions for consultation and negotiation are specified in collective agreements
C12: There is no minimum deadline for notification or disclosure in collective agreements, but Braskem maintains a constant dialogue with the labor unions as a proactive measure. As such, in situations such as the closure of a unit, we contact the Unions and, if necessary, align some special conditions in order to minimize social impacts on workers.
L25: ]

Sheet 403
B1: #VALUE! | F1: Table of Contents | G1: Material topics | H1: Environmental | I1: Economic | J1: Governance | K1: Social | L1: GRI | M1: SASB
C3: GRI 403 | Occupational Health and Safety
A4: Índice | B4: 3
C5: 403-1 Occupational health and safety management system
C7: 403-1a. A statement on whether an occupational health and safety management system has been implemented
C8: Braskem's Safety, Health and Environment management system is part of the HSE Pillar of Braskem's Global Management System, Intelius. Braskem's Management System was created and implemented at the very start of operations on Braskem's own initiative and has undergone several revisions over the years. It was created using the PDCA concept of international standards ISO 45000 (Occupational Health and Safety Management System), ISO 14000 (Environmental Management System) and ISO 9000 (Quality Management System) standards. Braskem is a petrochemical/chemical company signatory to the Responsible Care program, represented in Brazil by the Brazilian Chemical Industry Association (Abiquim). This program requires a commitment to meet its elements and requirements, which are organized according to the PDCA model and which use ISO 45000, ISO 14000 and ISO 9000 standards as a reference. The Safety and Health management system, a pillar of Intelius, was created from the aforementioned standards. It covers all industrial plants, offices, research centers and maritime terminals in the countries where Braskem has activities.
C11: 403-1b. A description of the scope of workers, activities, and workplaces covered by the occupational health and safety management system, and an explanation of whether and, if so, why any workers, activities, or workplaces are not covered
C12: The scope of Intelius' Safety and Health management system covers employees and workers who are not employees (service providers) but whose work and/or workplace is controlled by the organization. Braskem's management system is not applied to workers who are not employees of Braskem in cases where there is a definition, by contract, of a "transfer of management control" agreement to the contracted company. This typically applies to construction projects ("greenfields" or "brownfields" with a clear definition of "workplace"), or in the provision of services outside Braskem facilities. The Corporate HSE team, the area responsible for Intelius' HSE pillar, is composed of employed workers (members of Braskem), the vast majority of whom are environmental engineers, occupational safety engineers, occupational physicians and employees from other specialties, and are responsible for the management of this system. The Occupational Safety and Health areas monitor global performance on a monthly basis through standardized KPIs. At the sites where Braskem has industrial operations, there is a local HSE team made up of employed workers who monitor HSE activities and performance indicators. Global goals are established annually according to the principle of continuous improvement. Intelius is a global management system. Its requirements apply both to employees of Braskem itself and to workers who are not employees (service providers). Each year, there is a cycle of audits led by the Intelius team in all industrial plants focused on evaluating the degree of adherence to the Safety, Health and Environment management system, evaluating compliance and identifying opportunities for improvement. As a result of the audits, guidelines, global standards and other documents may be revised to facilitate continuous improvement. To ensure continuous improvement, the Intelius HSE Pillar uses the results from a global audit plan, an annual global critical analysis conducted by Corporate HSE that reviews performance indicators and, potentially, lessons learned from any workplace safety incidents or occupational diseases.
C14: 403-2 Hazard identification, risk assessment, and incident investigation
C16: 403-2a. A description of the processes used to identify work-related hazards and assess risks on a routine and non-routine basis, and to apply the hierarchy of controls in order to eliminate hazards and minimize risks
C17: Activities at Braskem's industrial facilities can be classified as routine or non-routine. Routine activities have been systematically collected and organized, and these activities also have their step-by-step processes defined, and the risks to safety and health for each step are identified and assessed through a JSA (Job Safety Analysis). Non-routine activities have certain risks that have been recognized and assessed before the activities are carried out by the team responsible for executing them at the location where the activities will take place. Activities that have been previously classified as high risk to work safety, whether routine or not, are known as life-critical activities and include: entry into confined spaces, work at height, cargo handling, hot work, excavations, work with energized equipment, hydroblasting, line breaking and equipment, and Lockout and Tagout (LOTO). In these cases, the activities require a Work Permit, or WP. Some work permits are accompanied by a checklist. An example is a checklist for scaffolding assembly, which is included with the work at height WP. The JSAs are prepared by Braskem's employees or service providers and have the consent of the participants. Similarly, WPs are approved in the field by Braskem's employees and service providers, when applicable. In either cases (routine and non-routine), both the team that schedules the activities and the team that identifies the hazards look to apply the concepts of the hierarchy of controls, identifying the hazards, replacing them or reducing them whenever possible, especially in maintenance activities. Risk analyses and the use of procedures and checklists are administrative measures and, among other things, define the use of PPE, the latter being the worker's protection tool. During this time, the implementation of other measures is also being evaluated, with the inclusion of new engineering controls and new administrative measures. Braskem's teams of workers are trained to identify potential hazards and assess risks related to their activities, while non-employee workers are responsible for identifying hazards in their own tasks because they possess the specialized knowledge necessary for their specific activities. The quality of the hazard identification and risk assessment processes is verified through the tools known as OET (Task Execution Observation) and audits of the Vision program (Integrated Operational Area Safety Survey). The quality of the tools listed above is ensured through internal audits carried out by the plants themselves or audits conducted by Corporate areas, as well as by the requirement that all workers must be appropriately qualified before performing any task. In addition to audits, there are regular field inspections routines that are performed to verify risk assessments, among other objectives. These tools can create a situation where it becomes necessary to review hazard identifications and risk assessments, and could end up suggesting changes to work procedures, equipment, and tools. Braskem also identifies hazards and assesses the risks of its operational activities using PHA (Process Hazard Analysis) techniques, which are carried out by multidisciplinary teams at predefined intervals. In this case, they identify the potential for procedural safety incidents, which may or may not result in injuries or illnesses to workers, and possibly environmental impacts. In addition to this classification, the "barriers" (protection for procedural safety) and tools and devices used in the process have their own classification system to determine their degree of criticality. Deviations identified and opportunities for improvement are evaluated and incorporated into procedures, work instructions or checklists after critical review meetings.
C19: 403-2b. A description of the processes for workers to report work-related hazards and hazardous situations, and an explanation of how workers are protected against reprisals
C20: The "Regras que Salvam Vidas" ("Life Saving Rules") internal document, widely publicized throughout the Company, contains a series of behaviors and attitudes expected for employees and contracted workers related to preventing accidents and preserving personal health and integrity. Among these, some of the main ones include the rules assigning overall responsibility for security to everyone (rule 1), and rule 12 about incident reporting, which involves "communicating, recording, and investigating undesirable events to prevent recurrence and promote organizational learning." Workers are always encouraged to report hazardous situations during the execution of their activities to their leaders, who are responsible for taking appropriate action to address or mitigate the risks. When necessary, workers can exercise their right to refuse to perform work when they are faced with situations that pose serious and imminent risks to their health or safety. In addition, Braskem offers an Ombudsman's channel that allows Braskem workers or contractors to report possible cases of reprisal, anonymously or not, which will be duly investigated. There are a number of ways to report risks related to work and dangerous situations, starting with the verbal report to the leader responsible for the area where the situation was discovered. There are also formal deviation reporting processes that include hazardous situations and can be documented on forms (paper) or completed electronically. They are classified and then evaluated in the order they were received, and submitted to a monitoring and management process. Workers are encouraged to document any irregularities they encounter, because it is through them (but not exclusively) that the management system can be improved. Finally, the Braskem Ombudsman channels are also available if there is a need to report any type of issue, as described above.
C22: 403-2c. A description of the policies and processes for workers to remove themselves from work situations that they believe could cause injury or ill health, and an explanation of how workers are protected against reprisals
C23: The "Regras que Salvam Vidas" ("Life Saving Rules") internal document, widely publicized throughout the Company, contains a series of behaviors and attitudes expected for employees and contracted workers related to preventing accidents and preserving personal health and integrity. Among these, some of the main ones include the rules assigning overall responsibility for security to everyone (rule 1), and rule 12 about incident reporting, which involves "communicating, recording, and investigating undesirable events to prevent recurrence and promote organizational learning." Workers are always encouraged to report hazardous situations during the execution of their activities to their leaders, who are responsible for taking appropriate action to address or mitigate the risks. When necessary, workers can exercise their right to refuse to perform work when they are faced with situations that pose serious and imminent risks to their health or safety. In addition, Braskem offers an Ombudsman's channel that allows Braskem workers or contractors to report possible cases of reprisal, anonymously or not, which will be duly investigated. There are a number of ways to report risks related to work and dangerous situations, starting with the verbal report to the leader responsible for the area where the situation was discovered. There are also formal deviation reporting processes that include hazardous situations and can be documented on forms (paper) or completed electronically. They are classified and then evaluated in the order they were received, and submitted to a monitoring and management process. Workers are encouraged to document any irregularities they encounter, because it is through them (but not exclusively) that the management system can be improved. Finally, the Braskem Ombudsman channels are also available if there is a need to report any type of issue, as described above.
... C73: 403-9 Work-related injuries
C75: 403-9a. For all employees | H75: 2019 | I75: 2020 | J75: 2021 | K75: 2022 | L75: 2023 | M75: 2024 | N75: 2025
C76: Number of hours worked | H76: 17117253 | I76: 16136552 | J76: 16187072 | K76: 17.848.302 | L76: 17971383 | M76: 17.181.064 | N76: 16955483
C77: Number of fatalities as a result of work-related injury | H77: 0 | I77: 0 | J77: 0 | K77: 0 | L77: 0 | M77: 0 | N77: 0
C78: Occupational accident death rate | H78: 0 | I78: 0 | J78: 0 | K78: 0 | L78: 0 | M78: 0 | N78: 0
C79: Number of workplace accidents with serious consequences (excluding fatalities) | H79: 5 | I79: 4 | J79: 3 | K79: 7 | L79: 9 | M79: 8 | N79: 6
C80: Incidence of work accidents with serious consequences (with leave, except fatalities - LTIFR*) | H80: 0.29210294 | I80: 0.24788443 | J80: 0.18533309 | K80: 0.39 | L80: 0.5 | M80: 0,47 | N80: 0.35
C81: Number of compulsorily reportable accidents at work (including fatalities) | H81: 12 | I81: 13 | J81: 9 | K81: 15 | L81: 18 | M81: 17 | N81: 15
C82: Incidence of work accidents requiring mandatory reporting (with and without leave, including fatalities) | H82: 0.70104707 | I82: 0.8056244 | J82: 0.55599926 | K82: 0.84 | L82: 1 | M82: 0.99 | N82: 0.88
C83: Note (*): LTIFR: Lost-time Injury Frequency Rate
C85: 403-9b. For all workers who are not employees | H85: 2019 | I85: 2020 | J85: 2021 | K85: 2022 | L85: 2023 | M85: 2024 | N85: 2025
C86: Number of hours worked | H86: 30986736 | I86: 24988785 | J86: 37460045 | K86: 42188834 | L86: 38657444 | M86: 32139069 | N86: 34132934
C87: Number of fatalities as a result of work-related injury | H87: 0 | I87: 1 | J87: 0 | K87: 0 | L87: 2 | M87: 0 | N87: 0
C88: Occupational accident death rate | H88: 0 | I88: 0.04002 | J88: 0 | K88: 0 | L88: 0.5 | M88: 0 | N88: 0
C89: Number of workplace accidents with serious consequences (excluding fatalities) | H89: 14 | I89: 2 | J89: 16 | K89: 11 | L89: 10 | M89: 6 | N89: 8
C90: Incidence of work accidents with serious consequences (with leave, except fatalities - LTIFR*) | H90: 0.45180622 | I90: 0.080035904 | J90: 0.42712175 | K90: 0.26 | L90: 0.26 | M90: 0.19 | N90: 0.23
C91: Number of compulsorily reportable accidents at work (including fatalities) | H91: 51 | I91: 26 | J91: 37 | K91: 36 | L91: 43 | M91: 28 | N91: 26
C92: Incidence of work accidents requiring mandatory reporting (with and without leave, including fatalities) | H92: 1.6458655 | I92: 1.0404668 | J92: 0.98771905 | K92: 0.85 | L92: 1.11 | M92: 0.87 | N92: 0.76
C93: Note (*): LTIFR: Lost-time Injury Frequency Rate
C95: 403-9c. The work-related hazards that pose a risk of high-consequence injury
C96: The most common workplace accidents in 2025 that either require an employee to take time off from work or do not require time off include fingers that are caught or crushed (cuts and bruises), followed by falls at the same or different levels (on stairs), ankle sprains and/or knees while walking on uneven floors, caused by uneven or slippery floors. In 2025, prevention actions continued, focusing on tools to identify irregularities in the field, for quick treatment, mainly through the Vision program.
C98: 403-9d. Any actions taken or underway to eliminate other work-related hazards and minimize risks using the hierarchy of controls
C99: Most work-related injuries occurred in routine activities, such as moving around or going up and down stairs, or during manual maintenance tasks. In 2025, the implementation of new technologies aimed at reducing people's exposure to risks, whether by eliminating the risks entirely or by mitigating them, is an ongoing process. In addition to this action, some global Occupational Safety procedures were revised in order to simplify them.
C101: 403-9e. Whether the rates have been calculated based on 200,000 or 1,000,000 hours worked
C102: Braskem's accident rates are calculated based on 1,000,000 hours worked. Braskem uses OSHA (Occupational Safety and Health Administration), a US agency, to classify accidents with and without leave in its injury rate indicators.
C104: 403-9f. Whether any workers were excluded from this disclosure and, if so, why, including the types of workers excluded
C105: There was no exclusion of any type of worker in Braskem's injury rates.
C107: 403-9g. Any contextual information necessary to understand how the data have been compiled, such as any standards, methodologies, and assumptions used
C108: This indicator is calculated by multiplying the absolute number of accidents WITH and WITHOUT leave multiplied by 1,000,000, divided by the number of hours worked in the period (year 2025).
C111: 403-10 Work-related ill-health
C113: 403-10a. For all employees | H113: 2019 | I113: 2020 | J113: 2021 | K113: 2022 | L113: 2023 | M113: 2024 | N113: 2025
C114: Number and rate of deaths as a result of work-related illnesses | H114: 0 | I114: 0 | J114: 0 | K114: 0 | L114: 0 | M114: 0 | N114: 0
C115: Number of cases of work-related illnesses that are required to be reported | H115: 6 | I115: 1 | J115: 36 | K115: 5 | L115: 2 | M115: 0 | N115: 0
C117: 403-10b. For all workers who are not employees
C118: In 2025, there were no cases of occupational disease recorded at the company. An effective control over potential occupational hazards, as well as a structured and standardized case investigation process, provided this result.
C120: 403-10c. Hazards that pose a risk of occupational diseases
C121: In 2025, there were no cases of occupational disease recorded at the company. An effective control over potential occupational hazards, as well as a structured and standardized case investigation process, provided this result.
C123: 403-10d. Whether any workers were excluded from this disclosure and, if so, why, including the types of workers excluded
C124: In 2025, there were no cases of occupational disease recorded at the company. An effective control over potential occupational hazards, as well as a structured and standardized case investigation process, provided this result.
C126: 403-10e. Any contextual information necessary to understand how the data have been compiled, such as any standards, methodologies, and assumptions used
C127: In 2025, there were no cases of occupational disease recorded at the company. An effective control over potential occupational hazards, as well as a structured and standardized case investigation process, provided this result.

Sheet 404
B1: #VALUE! | F1: Table of Contents | G1: Material topics | H1: Environmental | I1: Economic | J1: Governance | K1: Social | L1: GRI | M1: SASB
C3: GRI 404 | Training and Education
A4: Índice | B4: 3
C5: 404-1 Average hours of training per year per employee
C7: 404-1a. Average hours of training that the organization's employees have undertaken during the reporting period* | H7: 2019 | I7: 2020 | J7: 2021 | K7: 2022 | L7: 2023 | M7: 2024 | N7: 2025
C9: By gender*
C11: Average hours of training | H11: - | I11: - | J11: - | K11: 21.853505 | L11: 22.7 | M11: 15.4 | N11: 14.4
C12: Men | H12: - | I12: - | J12: - | K12: 24.42838 | L12: 25.7 | M12: 16.7 | N12: 46.9
C13: Women | H13: - | I13: - | J13: - | K13: 14.531345 | L13: 14.4 | M13: 12.1 | N13: 2.8
C15: Total hours of training | H15: - | I15: - | J15: - | K15: 189163.94 | L15: 194618.29 | M15: =M16+M17 -> 149731 | N15: 118622
C16: Men | H16: - | I16: - | J16: - | K16: 156439.35 | L16: 162134.46 | M16: 118415 | N16: 101815
C17: Women | H17: - | I17: - | J17: - | K17: 32724.59 | L17: 32483.83 | M17: 31316 | N17: 16807
C19: Total employees (not including apprentices) | H19: - | I19: - | J19: - | K19: 8656 | L19: 8556 | M19: 8371 | N19: 8220
C20: Men | H20: - | I20: - | J20: - | K20: 6404 | L20: 6305 | M20: 6152 | N20: 2173
